 Dungeon Crawl Stone Soup version 0.23.0 (webtiles) character file.

Game seed: 14607412493761614600

18520882 Kairos the Conqueror (level 27, 174/174 HPs)
             Began as a Vine Stalker Fighter on Feb 16, 2019.
             Was the Champion of Zin.
             Escaped with the Orb
             ... and 15 runes on Feb 18, 2019!
             The game lasted 09:50:19 (83785 turns).

Kairos the Conqueror (Vine Stalker Fighter)        Turns: 83785, Time: 09:50:19

Health: 174/174    AC: 40    Str: 44    XL:     27
Magic:  53/53      EV: 38    Int: 20    God:    Zin [******]
Gold:   4273       SH: 42    Dex: 37    Spells: 31/77 levels left

rFire    + + +     SeeInvis +   c - +9 sacred scourge (holy)
rCold    + + +     Gourm    .   m - +8 large shield {rF+}
rNeg     + + +     Faith    .   z - +12 ice dragon scales "Xomib" {rF- rC++ rN++ MR+ MP-9}
rPois    ∞         Spirit   +   I - +2 hat of Okawaru's Generosity {rF+ MR+ Str+4 Dex+2}
rElec    +         Reflect  +   q - +0 cloak of the Constellations {rElec rCorr Int-4 SInv}
rCorr    +         Harm     .   U - +3 pair of gauntlets of War {Slay+5}
MR       +++++                  i - +2 pair of boots {run}
Stlth    +++.......             O - amulet of Day {Reflect rN+ MP+9 SH+2}
HPRegen  1.59/turn              X - ring "Gycum" {rCorr rPois rF+ rC+ rN+}
MPRegen  0.33/turn              p - ring "Kistropty" {rN+ Dex+4 Slay+5}

@: mighty, brilliant, agile, vitalised, resistant, very slightly contaminated,
hasted, invisible, very quick
A: fangs 3, regeneration 3, strong 1, magic shield, antimagic bite, no potion
heal 3, rot immunity
0: Orb of Zot
}: 15/15 runes: barnacled, slimy, silver, golden, iron, obsidian, icy, bone,
abyssal, demonic, glowing, magical, fiery, dark, gossamer
a: Recite, Vitalisation, Imprison, Sanctuary, Donate Gold, Renounce Religion


You escaped.
You worshipped Zin.
Zin was exalted by your worship.
You were not hungry.

You visited 18 branches of the dungeon, and saw 89 of its levels.
You visited Pandemonium 1 time, and saw 13 of its levels.
You visited the Abyss 1 time.
You visited 1 bazaar.
You completed 1 ziggurat, and saw 27 of its levels.
You also visited: Trove, Ice Cave, Wizlab and Desolation.

You collected 14135 gold pieces.
You spent 6120 gold pieces at shops.
You donated 3742 gold pieces to Zin.

Inventory:

Hand Weapons
 c - a +9 sacred scourge of holy wrath (weapon)
 j - a +8 broad axe of freezing
 v - the +11 hand axe of the Kidney {holy, MR++ Dex+4}
   (Okawaru gifted it to you on level 2 of the Elven Halls)

   It has been blessed by the Shining One to cause great damage to the undead
   and demons.
   It affects your dexterity (+4).
   It affects your resistance to hostile enchantments.
 E - the +7 Spriggan's Knife {stab, EV+4 Stlth+}
   (You found it on level 3 of the Elven Halls)

   It affects your evasion (+4).
   It makes you more stealthy.
 N - a +9 broad axe of electrocution
Missiles
 k - 21 silver tomahawks
 V - 6 throwing nets (quivered)
Armour
 i - a +2 pair of boots of running (worn)
 m - a +8 large shield of fire resistance (worn)
 q - the +0 cloak of the Constellations (worn) {rElec rCorr Int-4 SInv}
   (You found it in a treasure trove)

   It affects your intelligence (-4).
   It insulates you from electricity.
   It lets you see invisible.
   It provides partial protection from all sources of acid and corrosion.
 z - the +12 ice dragon scales "Xomib" (worn) {rF- rC++ rN++ MR+ MP-9}
   (You found it in an ice cave)

   It makes you vulnerable to fire.
   It greatly protects you from cold.
   It greatly protects you from negative energy.
   It affects your resistance to hostile enchantments.
   It affects your magic capacity (-9).
 I - the +2 hat of Okawaru's Generosity (worn) {rF+ MR+ Str+4 Dex+2}
   (Okawaru gifted it to you on level 2 of the Spider Nest)

   It affects your strength (+4).
   It affects your dexterity (+2).
   It protects you from fire.
   It affects your resistance to hostile enchantments.
 M - a scarf of resistance
 U - the +3 pair of gauntlets of War (worn) {Slay+5}
   (You found it on level 23 of a ziggurat)

   It affects your accuracy and damage with ranged weapons and melee attacks
   (+5).
 Z - the +5 large shield of the Valley of Death {MR+ Int+2 Stlth+}
   (You took it off a daeva in Pandemonium)

   It affects your intelligence (+2).
   It affects your resistance to hostile enchantments.
   It makes you more stealthy.
Jewellery
 a - the ring of Nestivui {rElec Slay+4}
   (You found it on level 24 of a ziggurat)

   [ring of slaying]

   It affects your accuracy and damage with ranged weapons and melee attacks
   (+4).
   It insulates you from electricity.
 b - the cursed necklace of Bloodlust {*Rage +Rage MR++ Int-3 Slay+6 *Curse}
   (You found it on level 3 of the Tomb of the Ancients)

   [amulet of rage]

   It affects your intelligence (-3).
   It affects your accuracy and damage with ranged weapons and melee attacks
   (+6).
   It affects your resistance to hostile enchantments.
   It lets you go berserk.
   It may make you go berserk in combat.
   It curses itself when equipped.
   It has a curse placed upon it.
 e - the ring "Mestragisa" {Str+3 Slay+2 SInv}
   (You took it off a deep elf annihilator on level 3 of the Elven Halls)

   [ring of see invisible]

   It affects your strength (+3).
   It affects your accuracy and damage with ranged weapons and melee attacks
   (+2).
   It lets you see invisible.
 p - the ring "Kistropty" (right hand) {rN+ Dex+4 Slay+5}
   (You found it in a wizard's laboratory)

   [ring of dexterity]

   It affects your dexterity (+4).
   It affects your accuracy and damage with ranged weapons and melee attacks
   (+5).
   It protects you from negative energy.
 w - the ring "Nyith" {+Fly rPois}
   (You found it on level 7 of Tartarus)

   [ring of flight]

   It protects you from poison.
   It lets you fly.
 J - the ring of the Hart {rPois MR+ Str+5 Stlth+}
   (You found it on level 3 of the Tomb of the Ancients)

   [ring of protection from magic]

   It affects your strength (+5).
   It protects you from poison.
   It affects your resistance to hostile enchantments.
   It makes you more stealthy.
 O - the amulet of Day (around neck) {Reflect rN+ MP+9 SH+2}
   (You found it in a wizard's laboratory)

   [amulet of reflection]

   It shields you and reflects attacks.
   It protects you from negative energy.
   It affects your magic capacity (+9).
   It affects your SH (+2).
 W - the ring of the Solstice {+Blink rPois AC+1}
   (You found it in the Desolation of Salt)

   [ring of protection]

   It affects your AC (+1).
   It protects you from poison.
   It lets you blink.
 X - the ring "Gycum" (left hand) {rCorr rPois rF+ rC+ rN+}
   (You found it on level 17 of a ziggurat)

   [ring of resist corrosion]

   It protects you from fire.
   It protects you from cold.
   It protects you from poison.
   It protects you from negative energy.
Wands
 d - a wand of digging (4)
 l - a wand of scattershot (9)
Scrolls
 g - 6 scrolls of silence
 n - 51 scrolls of remove curse
 s - 16 scrolls of fear
 t - 14 scrolls of enchant armour
 u - 7 scrolls of holy word
 y - 5 scrolls of identify
 A - 8 scrolls of magic mapping
 D - 47 scrolls of teleportation
 P - 13 scrolls of blinking
 R - 19 scrolls of fog
 S - 4 scrolls of summoning
Potions
 h - 10 potions of ambrosia
 o - 27 potions of curing
 r - 6 potions of cancellation
 x - 2 potions of resistance
 B - a potion of haste
 C - 17 potions of mutation
 F - 9 potions of might
 G - 8 potions of invisibility
 H - 5 potions of berserk rage
 L - 3 potions of flight
 Q - 4 potions of agility
 T - 4 potions of magic
 Y - 9 potions of brilliance
Miscellaneous
 K - a +1 figurine of a ziggurat
Comestibles
 f - 61 rations


   Skills:
 O Level 27 Fighting
 + Level 6.6 Short Blades
 - Level 16.8(18.0) Axes
 - Level 11.7(15.5) Maces & Flails
 + Level 3.1 Throwing
 + Level 16.5 Armour
 + Level 18.4 Dodging
 * Level 23.3 Stealth
 - Level 25.0 Shields
 * Level 25.5 Spellcasting
 - Level 17.8 Hexes
 + Level 7.2 Charms
 - Level 14.0 Summonings
   Level 10.5 Necromancy
 * Level 21.7 Translocations
 - Level 5.7 Ice Magic
 + Level 14.5 Air Magic
 * Level 22.9 Invocations
 + Level 4.2 Evocations


You had 31 spell levels left.
You knew the following spells:

 Your Spells              Type           Power        Failure   Level  Hunger
a - Corona                Hex            #######      0%          1    None
b - Swiftness             Chrm/Air       ######..     1%          2    None
c - Controlled Blink      Tloc           N/A          1%          8    ######.
d - Metabolic Englaciati  Hex/Ice        ######....   1%          5    None
f - Slow                  Hex            #######.     0%          2    None
g - Darkness              Hex            #######...   1%          6    ##.....
h - Silence               Hex/Air        #######...   1%          5    None
i - Aura of Abjuration    Summ           #######...   1%          5    None
j - Apportation           Tloc           ######       0%          1    None
k - Blink                 Tloc           N/A          0%          2    None
l - Spectral Weapon       Hex/Chrm       ######..     1%          3    None
m - Invisibility          Hex            #######.     1%          6    ##.....

Your spell library contained the following spells:

 Spells                   Type           Power        Failure   Level  Hunger
 Confusing Touch          Hex            ######       0%          1    None
 Summon Butterflies       Summ           #######.     0%          1    None
 Summon Small Mammal      Summ           ####         0%          1    None
 Call Imp                 Summ           #######.     0%          2    None
 Shroud of Golubria       Chrm/Tloc      #######...   0%          2    None
 Call Canine Familiar     Summ           #######.     0%          3    None
 Confuse                  Hex            #######.     0%          3    None
 Gell's Gravitas          Tloc           #######...   0%          3    None
 Lesser Beckoning         Tloc           #######...   0%          3    None
 Portal Projectile        Hex/Tloc       ######       0%          3    None
 Recall                   Summ/Tloc      N/A          0%          3    None
 Summon Guardian Golem    Hex/Summ       #######.     0%          3    None
 Tukima's Dance           Hex            #######.     0%          3    None
 Cause Fear               Hex            #######...   0%          4    None
 Animate Skeleton         Necr           N/A          1%          1    None
 Beastly Appendage        Tmut           #####.       1%          1    None
 Flame Tongue             Conj/Fire      #####        1%          1    None
 Freeze                   Ice            ####         1%          1    None
 Infusion                 Chrm           ####         1%          1    None
 Magic Dart               Conj           ####         1%          1    None
 Pain                     Necr           ####         1%          1    None
 Sandblast                Erth           #####.       1%          1    None
 Shock                    Conj/Air       ####         1%          1    None
 Sting                    Conj/Pois      ####         1%          1    None
 Corpse Rot               Necr           N/A          1%          2    None
 Ensorcelled Hibernation  Hex/Ice        ######       1%          2    None
 Passwall                 Tmut/Erth      #####...     1%          2    None
 Poisonous Vapours        Pois/Air       ######       1%          2    None
 Searing Ray              Conj           #####.       1%          2    None
 Song of Slaying          Chrm           ######..     1%          2    None
 Sticks to Snakes         Tmut           #####...     1%          2    None
 Sublimation of Blood     Necr           ######....   1%          2    None
 Throw Flame              Conj/Fire      #####.       1%          2    None
 Throw Frost              Conj/Ice       #####.       1%          2    None
 Conjure Flame            Conj/Fire      #####...     1%          3    None
 Dazzling Spray           Conj/Hex       ######       1%          3    None
 Ignite Poison            Fire/Tmut/Pois #####...     1%          3    None
 Inner Flame              Hex/Fire       ######..     1%          3    None
 Mephitic Cloud           Conj/Pois/Air  ######..     1%          3    None
 Ozocubu's Armour         Chrm/Ice       ######..     1%          3    None
 Regeneration             Chrm/Necr      ######....   1%          3    None
 Spider Form              Tmut/Pois      #####.....   1%          3    None
 Static Discharge         Conj/Air       ######..     1%          3    None
 Stone Arrow              Conj/Erth      #####.       1%          3    None
 Vampiric Draining        Necr           ######....   1%          3    None
 Airstrike                Air            #######...   1%          4    None
 Animate Dead             Necr           N/A          1%          4    None
 Force Lance              Conj/Tloc      ######..     1%          4    None
 Fulminant Prism          Conj/Hex       ######....   1%          4    None
 Ice Form                 Ice/Tmut       #####...     1%          4    None
 Leda's Liquefaction      Hex/Erth       ######....   1%          4    None
 Summon Ice Beast         Ice/Summ       ######..     1%          4    None
 Summon Lightning Spire   Summ/Air       #######.     1%          4    None
 Throw Icicle             Conj/Ice       #####...     1%          4    None
 Bolt of Draining         Conj/Necr      ######....   1%          5    None
 Borgnjor's Vile Clutch   Necr/Erth      ######....   1%          5    None
 Dispel Undead            Necr           ######..     1%          5    None
 Excruciating Wounds      Chrm/Necr      ######....   1%          5    None
 Iskenderun's Battlesphe  Conj/Chrm      ######..     1%          5    None
 Lightning Bolt           Conj/Air       ######....   1%          5    None
 Summon Demon             Summ           #######...   1%          5    None
 Summon Forest            Summ/Tloc      #######...   1%          5    None
 Summon Mana Viper        Hex/Summ       #######.     1%          5    None
 Yara's Violent Unravell  Hex/Tmut       ######....   1%          5    None
 Conjure Ball Lightning   Conj/Air       ######....   1%          6    ##.....
 Death Channel            Necr           ######....   1%          6    ##.....
 Deflect Missiles         Chrm/Air       ######....   1%          6    ##.....
 Dispersal                Tloc           #######...   1%          6    ##.....
 Shadow Creatures         Summ           N/A          1%          6    ##.....
 Simulacrum               Ice/Necr       ######....   1%          6    ##.....
 Haunt                    Necr/Summ      ######....   1%          7    ####...
 Malign Gateway           Summ/Tloc      #######...   1%          7    ####...
 Summon Hydra             Summ           #######...   1%          7    ####...
 Discord                  Hex            #######...   1%          8    ######.
 Disjunction              Tloc           #######...   1%          8    ######.
 Iskenderun's Mystic Bla  Conj           #####...     2%          4    None
 Olgreb's Toxic Radiance  Pois           #####...     2%          4    None
 Petrify                  Tmut/Erth      #####...     2%          4    None
 Sticky Flame             Conj/Fire      #####...     2%          4    None
 Freezing Cloud           Conj/Ice/Air   ######....   2%          6    ##.....
 Ozocubu's Refrigeration  Ice            ######....   3%          6    ##.....
 Alistair's Intoxication  Tmut/Pois      #####...     7%          5    None
 Blade Hands              Tmut           #####.....   7%          5    None
 Bolt of Magma            Conj/Fire/Erth #####.....   7%          5    None
 Fireball                 Conj/Fire      #####.....   7%          5    None
 Irradiate                Conj/Tmut      #####.....   7%          5    None
 Lee's Rapid Deconstruct  Erth           #####.....   7%          5    None
 Venom Bolt               Conj/Pois      #####.....   7%          5    None
 Bolt of Cold             Conj/Ice       #####.....   12%         6    ##.....
 Spellforged Servitor     Conj/Summ      ######....   12%         7    ####...
 Borgnjor's Revivificati  Necr           ######....   19%         8    ######.
 Infestation              Necr           ######....   19%         8    ######.
 Bolt of Fire             Conj/Fire      #####.....   30%         6    ##.....
 Hydra Form               Tmut           #####.....   30%         6    ##.....
 Iron Shot                Conj/Erth      #####.....   30%         6    ##.....
 Statue Form              Tmut/Erth      #####....    30%         6    ##.....
 Death's Door             Chrm/Necr      ######....   34%         8    ######.
 Ring of Flames           Chrm/Fire      ######....   36%         7    ####...
 Tornado                  Air            #######...   45%         9    #######
 Dragon's Call            Summ           #######...   50%         9    #######
 Necromutation            Tmut/Necr      ######....   77%         8    ######.
 Dragon Form              Tmut           #####.....   80%         7    ####...
 Orb of Destruction       Conj           #####.....   80%         7    ####...
 Ignition                 Fire           #####.....   100%        8    ######.
 Shatter                  Erth           #####.....   100%        9    #######
 Passage of Golubria      Tloc           Unusable     N/A         4    N/A

Dungeon Overview and Level Annotations

Branches:
Dungeon (15/15)            Temple (1/1) D:5            Lair (6/6) D:9
 Shoals (4/4) Lair:3       Spider (4/4) Lair:2        Slime (5/5) Lair:5
    Orc (2/2) D:11            Elf (3/3) Orc:2        Vaults (5/5) D:13
  Crypt (3/3) Vaults:3       Tomb (3/3) Crypt:3      Depths (5/5) D:15
   Hell (1/1)                 Dis (7/7) Hell            Geh (7/7) Hell
    Coc (7/7) Hell            Tar (7/7) Hell            Zot (5/5) Depths:5

Altars:
Ashenzari
Cheibriados
Dithmenos
Elyvilon
Fedhas
Gozag
Hepliaklqana
Kikubaaqudgha
Makhleb
Nemelex Xobeh
Okawaru
Qazlal
Ru
Sif Muna
Trog
Uskayaw
Vehumet
Wu Jian
Xom
Yredelemnul
Zin
The Shining One
Beogh
Jiyva
Lugonu

Shops:
D:8 ?   Orc:2 *?([?:?%(   Shoals:3 %   Shoals:4 :   Vaults:5 !   Depths:5 ==}

Portals:
Hell: Depths:1 Depths:2 Depths:3 Depths:4 Depths:5
Abyss: Depths:1 Depths:4
Pandemonium: Orc:2 Depths:4 Depths:5

Annotations:
D:10 2 transporters
Lair:4 2 transporters, Kairos's ghost, journeyman VSFi
Depths:3 exclusion: 2 oklob plants
Zot:4 exclusion: oklob plant


Innate Abilities, Weirdness & Mutations

You have razor-sharp teeth.
You regenerate.
When hurt, damage is shared between your health and your magic reserves.
Your bite disrupts and absorbs the magic of your enemies.
Potions cannot restore your health.
You are immune to rotting.
Your muscles are strong. (Str +2)


Message History

You barely miss the ancient lich. You bite the ancient lich!!
The ancient lich's magic leaks into the air.
You drain its magic.
The ancient lich is almost destroyed.
You block the ancient lich's attack. You block the ancient lich's attack.
You barely miss the ancient lich. You bite the ancient lich!
You destroy the ancient lich!
Zin accepts your kill.
There is a staircase leading out of the dungeon here.
Char dumped successfully.
Okay, then.
As you read the scroll of fog, it crumbles to dust.
The scroll dissolves into smoke.
As you read the scroll of summoning, it crumbles to dust.
Wisps of shadow whirl around you...
You aren't carrying any armour which can be enchanted further.
As you read the scroll of magic mapping, it crumbles to dust.
You feel momentarily disoriented.
You have escaped!

............####.##.............#
#.##.............................
.........................#.##.#.#
#.##.#..#................#.##.#.#
.........................#.##.#.#
...............#.#.......#.##.#.#
..#...........##§##..##..#.##.#.#
..#..##.##....#§rK#..##..#.##.#.#
..#..##.##....+§@b§..)...........
..............#§l§#..###.#.......
..#.###.#.....##§##...)..........
...............#.#....##.#.#.....
..#.###.#.............##.#.#)##.#
.÷#.# #..........................
..#)# ###.............##.........
..#.# #...###............#.##.#
....### #...# #.#.#.#.##.........


You could see a friendly bat, a friendly kobold, a friendly frilled lizard and a
friendly rat.

Vanquished Creatures
  Cerebov (Pan)
  Antaeus (Coc:7)
  the Royal Jelly (Slime:5)
  Asmodeus (Geh:7)
  Ereshkigal (Tar:7)
  Gloorx Vloq (Pan)
  A seraph (Pan)
  the Serpent of Hell (Dis:7)
  Mnoleg (Pan)
  Lom Lobon (Pan)
  Dispater (Dis:7)
  7 pandemonium lords
  2 orbs of fire (Zot:5)
  Mara (Crypt:3)
  22 ancient liches
  15 juggernauts (Zig:26)
  39 greater mummies
  Sojobo (Vaults:3)
  3 Killer Klowns
  6 shard shrikes (Coc:7)
  3 caustic shrikes (Zig:22)
  A curse toe (Crypt:3)
  Geryon (Hell)
  7 golden dragons
  Nikola (Elf:1)
  Jory (Crypt:3)
  8 profane servitors
  7 bone dragons
  2 pearl dragons (Pan)
  19 Brimstone Fiends
  5 iron giants
  33 Tzitzimimeh
  An electric golem (Zot:5)
  8 doom hounds
  Arachne (Spider:4)
  9 liches
  2 hellephants
  27 Ice Fiends
  12 Hell Sentinels
  A moon troll (WizLab)
  8 tentacled monstrosities
  Rupert (Vaults:3)
  25 Orb Guardians
  22 titans
  11 quicksilver dragons
  6 deep elf master archers
  Polyphemus (Shoals:2)
  26 acid blobs
  5 deep elf blademasters
  24 Executioners
  2 krakens
  14 tentacled starspawn
  6 death cobs
  Frances (Shoals:1)
  3 thorn hunters
  19 ancient champions
  5 tengu reavers
  An eldritch tentacle (Tar:6)
  7 storm dragons
  The ghost of MirrMurr the Imperceptible, an adept SpEn of Gozag (Vaults:3)
  24 shadow dragons
  Kirke (Shoals:4)
  2 draconian monks
  17 sphinxes
  2 storm dragons (shapeshifter) (Depths:2)
  Donald (Elf:1)
  17 azure jellies
  Roxanne (Shoals:1)
  17 daevas (Pan)
  22 revenants
  5 nagarajas
  6 deep elf sorcerers
  An imperial myrmidon (Desolation)
  14 iron dragons
  20 vault wardens
  12 draconian knights
  A juggernaut zombie (Zig:14)
  21 frost giants
  18 fire giants
  17 ghost moths
  8 draconian scorchers
  8 warmongers
  6 deep elf elementalists (Elf:3)
  11 orc warlords
  42 balrugs
  7 emperor scorpions
  3 spectral caustic shrikes
  The ghost of adept the Cleaver, a journeyman HOFi of Beogh (Lair:6)
  21 cacodemons
  21 angels
  8 curse skulls
  A ghost moth (shapeshifter) (Vaults:5)
  An iron dragon (shapeshifter) (Depths:2)
  2 spriggan defenders (Depths:4)
  2 caustic shrike zombies
  14 ghouls
  14 draconian annihilators
  10 draconian shifters
  9 draconian stormcallers
  3 elemental wellsprings (Coc:7)
  11 blood saints
  13 ironheart preservers
  44 reapers
  9 corrupters
  36 very ugly things
  2 caustic shrike skeletons
  50 stone giants
  31 war gargoyles
  16 vampire knights
  15 ophanim
  21 black suns
  11 green draconians
  31 entropy weavers
  8 bennus (Tomb:1)
  7 deep elf demonologists
  10 lorocyprocas
  23 apis (Pan)
  Azrael (D:15)
  3 black draconians
  13 white draconians
  14 deep elf annihilators
  11 yellow draconians
  2 halazid warlocks (Desolation)
  7 spark wasps
  3 red draconians
  10 purple draconians
  3 quicksilver dragon zombies
  20 deep elf death magi
  14 ettins
  15 green deaths
  20 merfolk impalers
  12 eidola
  7 death oozes
  6 merfolk javelineers
  26 mummy priests
  25 blizzard demons
  8 crystal guardians
  9 fire dragons
  15 jiangshi
  5 deep elf high priests
  17 great orbs of eyes
  11 ragged hierophants (Desolation)
  7 yaktaur captains
  Fannar (D:10)
  A spectral golden dragon (Zig:24)
  A rakshasa (D:15)
  6 peacekeepers (Desolation)
  2 kraken zombies
  28 vault guards
  4 quicksilver dragon skeletons
  9 servants of whispers (Desolation)
  10 hydras
  8 centaur warriors
  21 ice dragons
  A catoblepas (shapeshifter) (Zig:11)
  5 monstrous demonspawn (Pan)
  4 hell beasts (Zig:27)
  8 spriggan air magi
  An anaconda (shapeshifter) (Zig:11)
  A spectral shadow dragon (Zig:24)
  Harold (D:9)
  2 shambling mangroves (Zig:12)
  6 death knights
  2 juggernaut simulacra (Depths:2)
  50 two-headed ogres
  An alligator snapping turtle (Zig:7)
  An alligator (Zig:12)
  6 catoblepae
  5 merfolk avatars
  17 ogre magi
  5 tengu warriors
  22 dancing weapons
  A queen ant (Spider:3)
  A satyr (Shoals:4)
  8 deep troll shamans
  12 deep troll earth magi
  2 thrashing horrors (Abyss:4)
  15 death yaks
  A queen ant (shapeshifter) (Depths:2)
  84 death scarabs
  17 hell hogs
  A spectral storm dragon (Zig:24)
  14 vampire magi
  15 orc high priests
  11 merfolk aquamancers
  6 spriggan berserkers
  2 titan zombies
  5 storm dragon zombies
  10 wretched stars
  4 naga sharpshooters
  A shock serpent (shapeshifter) (Elf:3)
  5 shock serpents
  5 spriggans
  25 deep elf knights
  4 titan skeletons
  18 iron golems
  33 soul eaters
  45 sun demons
  104 skeletal warriors
  25 sixfirhies
  40 large abominations
  3 ghost moth zombies
  38 hell knights
  7 storm dragon skeletons
  32 shadow wraiths
  2 fire crabs (shapeshifter)
  17 iron trolls
  12 small abominations
  14 cherubim (Pan)
  A deep troll (shapeshifter) (Zig:10)
  2 iron trolls (shapeshifter)
  6 torturous demonspawn
  8 anaconda zombies
  20 sea snakes
  2 golden dragon zombies
  3 swamp dragons (Zig:12)
  A kraken simulacrum (Shoals:4)
  2 obsidian statues
  A spectral iron dragon (Zig:25)
  32 deep trolls
  8 unseen horrors
  8 gelid demonspawn
  16 shadow demons
  13 glowing orange brains
  23 ironbrand convokers
  9 wizards
  4 death drakes
  17 deep elf archers
  26 phantasmal warriors
  A naga ritualist (Zig:6)
  12 flayed ghosts
  5 anaconda skeletons
  2 orange crystal statues
  19 harpies
  5 infernal demonspawn (Pan)
  7 golden dragon skeletons
  A glowing orange brain (shapeshifter) (Zig:10)
  16 necromancers
  A wolf spider zombie (Vaults:1)
  55 wolf spiders
  3 iron dragon zombies
  3 sphinx zombies
  3 mana vipers
  26 orc knights
  24 orc sorcerers
  4 shadow dragon zombies
  28 orb spiders
  A salamander (shapeshifter) (Vaults:3)
  5 shadow dragon skeletons
  4 spectral elves
  15 fauns
  2 sphinx skeletons
  52 ugly things
  2 worldbinders
  2 stone giant zombies
  8 cyclopes
  3 fire giant zombies
  A tengu skeleton (Depths:3)
  61 deep elf magi
  2 frost giant zombies
  7 oklob plants
  A manticore (shapeshifter) (Vaults:5)
  10 shining eyes
  4 fire giant skeletons
  14 merfolk sirens
  26 moths of wrath
  A cyclops (shapeshifter) (Depths:1)
  18 manticores
  18 rust devils
  16 vault sentinels
  A black mamba (shapeshifter) (D:15)
  10 black mambas
  7 dire elephant zombies
  15 water nymphs
  Joseph (D:10)
  8 guardian serpents (Desolation)
  An iron dragon skeleton (Tar:7)
  Maurice (D:9)
  18 molten gargoyles
  A shock serpent zombie (Tar:7)
  2 apocalypse crabs
  8 elephants (Lair:6)
  5 stone giant skeletons
  2 shock serpent skeletons
  10 gargoyles
  19 orange demons
  17 smoke demons
  3 naga magi
  10 torpor snails
  4 dire elephant skeletons
  5 frost giant skeletons
  6 ice statues
  7 eyes of devastation
  5 spectral swamp worms (Depths:4)
  8 centaur skeletons
  A green draconian zombie (Crypt:3)
  8 spiny frogs
  A pale draconian zombie (Crypt:1)
  A yaktaur zombie (Depths:1)
  26 hellions
  2 emperor scorpion zombies (Coc:7)
  34 tormentors
  2 kobold demonologists (D:15)
  3 redback zombies
  9 efreet
  5 komodo dragons
  2 rime drakes
  46 yaktaurs
  57 guardian mummies
  2 spectral glowing shapeshifters (Zig:25)
  An anaconda simulacrum (Coc:7)
  11 hellwings
  2 spark wasp simulacra (Depths:3)
  25 freezing wraiths
  A grey draconian skeleton (Crypt:3)
  A catoblepas skeleton (Geh:1)
  5 tengu conjurers
  19 ice devils
  37 demonic crawlers
  A golden dragon simulacrum (Depths:3)
  8 ancient zymes
  40 merfolk
  2 queen bees (shapeshifter)
  13 hydra zombies
  41 red devils
  13 trolls
  A tyrant leech (shapeshifter) (Vaults:5)
  2 harpy zombies
  19 hornets
  2 silent spectres
  2 polar bears (shapeshifter)
  A queen bee (D:12)
  A polar bear (Lair:2)
  3 meliai (Spider:4)
  3 fire dragon zombies
  52 jumping spiders
  72 slime creatures
  77 saltlings (Desolation)
  A tengu simulacrum (Depths:3)
  2 bog bodies (Zig:12)
  2 fire giant simulacra
  2 alligator zombies
  6 ettin zombies
  5 hydra skeletons
  5 harpy skeletons
  11 hippogriffs
  A slime creature (shapeshifter) (Vaults:5)
  A hornet (shapeshifter) (Elf:2)
  15 raiju
  14 wind drakes
  16 blink frogs
  A dream sheep (shapeshifter) (Vaults:5)
  19 dream sheep
  2 ice dragon zombies
  11 snapping turtles
  7 ettin skeletons
  21 ynoxinuls
  Sigmund (D:3)
  6 fire dragon skeletons
  3 ice dragon skeletons
  A black mamba zombie (Dis:7)
  3 air elementals
  105 flying skulls
  38 shadows
  An iron dragon simulacrum (Tomb:2)
  69 redbacks
  21 wraiths
  An alligator skeleton (Coc:2)
  35 yaks
  21 tarantellas
  A tarantella (shapeshifter) (Vaults:3)
  A vampire (D:12)
  A wyvern (shapeshifter) (Vaults:1)
  A black mamba skeleton (Crypt:3)
  12 ushabtiu
  33 water elementals
  2 wyverns
  27 fire elementals
  4 fire bats (Abyss:5)
  A hog (shapeshifter) (Depths:1)
  3 vampire mosquitoes
  23 golden eyes
  5 basilisks
  9 hungry ghosts
  24 neqoxecs
  A hog (Shoals:4)
  10 chaos spawn
  Grum (D:9)
  4 harpy simulacra
  12 wargs
  2 acid dragons (D:12)
  A naga (Zig:6)
  2 soldier ants (shapeshifter)
  11 soldier ants (Spider:3)
  3 spatial vortices (Coc:5)
  Duvessa (D:4)
  49 hell hounds
  3 merfolk skeletons
  18 water moccasins
  8 spiny frog zombies
  5 porcupines
  2 swamp drakes (Zig:12)
  4 black bears
  3 human zombies
  An ice beast (shapeshifter) (Vaults:1)
  An infernal demonspawn skeleton (Crypt:3)
  2 swamp dragon zombies
  20 ice beasts
  3 spiny frog skeletons
  A hornet zombie (Crypt:2)
  3 manticore zombies
  51 orc warriors
  2 alligator simulacra
  2 fire dragon simulacra
  15 eyes of draining
  7 sky beasts
  11 necrophages
  10 phantoms
  7 human skeletons
  An orc zombie (Vaults:1)
  A snapping turtle skeleton (Geh:7)
  2 manticore skeletons
  7 wolves
  9 boggarts
  29 centaurs
  42 ogres
  15 crocodiles
  A swamp dragon skeleton (Coc:7)
  A fire crab zombie (Crypt:1)
  6 big kobolds
  An elf zombie (Tar:4)
  14 bullfrogs
  A salamander zombie (Crypt:2)
  2 gnoll sergeants
  9 earth elementals (Zig:22)
  An elf skeleton (Geh:1)
  4 scorpions
  2 wyvern skeletons
  Dowan (D:4)
  A human simulacrum (Vaults:1)
  A troll skeleton (Tomb:2)
  15 killer bees (D:12)
  A spriggan zombie (Crypt:2)
  A swamp dragon simulacrum (Coc:7)
  2 vampire bats (D:6)
  32 wights
  7 electric eels
  24 crimson imps
  40 starcursed masses
  2 quasits
  2 centaur zombies
  8 hounds
  Crazy Yiuf (D:2)
  38 orc priests
  9 iron imps
  5 jellies
  A porcupine zombie (Crypt:3)
  Ijyb (D:4)
  4 bullfrog skeletons
  6 iguanas
  30 worker ants
  A black bear skeleton (Crypt:1)
  36 orc wizards
  11 hell rats
  A felid zombie (Crypt:1)
  A tengu zombie (Crypt:2)
  2 naga skeletons
  Robin (D:2)
  A hound skeleton (D:4)
  54 mummies
  4 worker ant zombies
  9 adders
  20 gnolls
  A howler monkey skeleton (D:9)
  13 shadow imps
  15 white imps
  An ooze (D:2)
  An adder skeleton (Crypt:3)
  A halfling skeleton (Crypt:2)
  A worm (D:2)
  A barachi zombie (Crypt:1)
  5 dart slugs
  3 leopard geckos (D:1)
  115 orcs
  A ball python (D:6)
  8 bats
  3 bat skeletons (D:6)
  2 bat zombies (D:6)
  4 giant cockroaches
  15 hobgoblins
  8 jackals
  34 kobolds
  7 quokkas
  A ball python skeleton (Crypt:2)
  9 frilled lizards
  25 goblins
  2 kobold skeletons
  A kobold zombie (Tomb:3)
  2 leopard gecko skeletons
  A quokka skeleton (D:6)
  A quokka zombie (Crypt:2)
  5 rats
  A briar patch (Depths:3)
  A lurking horror (Abyss:5)
  3 pillars of salt
  A plant (Zot:4)
  14 starspawn tentacles
  12 tentacles
5572 creatures vanquished.

Vanquished Creatures (others)
  An ancient lich (Zot:5)
  A deep elf master archer (Geh:7)
  4 eldritch tentacles (Pan)
  2 draconian monks (Zig:23)
  A balrug (Pan)
  A draconian knight (Zig:23)
  A cacodemon (Zig:8)
  A reaper (Zig:16)
  An elemental wellspring (Coc:7)
  A stone giant (Vaults:5)
  A black sun (Zig:25)
  A green draconian (Zig:23)
  A black draconian (Zig:23)
  2 purple draconians (Zig:23)
  2 merfolk javelineers (Zig:18)
  5 yaktaur captains
  4 centaur warriors
  2 hell hogs
  2 orb spiders (Zig:17)
  A harpy (Zig:7)
  A cyclops (D:14)
  An orange demon (Pan)
  A gargoyle (Zig:22)
  8 yaktaurs
  A merfolk (Zig:18)
  A jumping spider (Zig:20)
  A fire dragon zombie (Tar:7)
  2 redbacks
  A flying skull (Geh:7)
  A fire elemental (Geh:2)
  A wraith (Geh:2)
  A neqoxec (Pan)
  A human (Shoals:4)
  An orc warrior (Orc:2)
  A necrophage (Geh:5)
  9 centaurs
  A small abomination (Abyss:5)
  A wight (Geh:5)
  A shadow imp (Tar:5)
  An orc (D:13)
  A briar patch (Zig:12)
  A demonic plant (WizLab)
  10 fungi
  A lurking horror (Abyss:5)
  34 pillars of salt
  20 plants
  19 starspawn tentacles
  32 tentacles
189 creatures vanquished.

Grand Total: 5761 creatures vanquished

Notes
Turn   | Place    | Note
-------+----------+-------------------------------------------
     0 | D:1      | Kairos the Vine Stalker Fighter began the quest for the
                  | Orb.
     0 | D:1      | Reached XP level 1. HP: 11/11 MP: 2/2
   146 | D:1      | Reached XP level 2. HP: 16/16 MP: 3/3
   231 | D:1      | Reached skill level 3 in Fighting
   592 | D:1      | Reached XP level 3. HP: 12/20 MP: 4/4
   936 | D:2      | Gained mutation: Your natural rate of healing is unusually
                  | fast. [Vine Stalker growth]
   936 | D:2      | Reached XP level 4. HP: 18/24 MP: 5/5
   937 | D:2      | Noticed Robin
  1202 | D:2      | Reached XP level 5. HP: 7/28 MP: 1/6
  1377 | D:2      | Killed Robin
  1412 | D:2      | Found a glowing golden altar of the Shining One.
  1529 | D:2      | Found a snail-covered altar of Cheibriados.
  1628 | D:2      | Found a runed translucent door.
  1629 | D:2      | Noticed Crazy Yiuf
  1640 | D:2      | Killed Crazy Yiuf
  1989 | D:3      | Reached XP level 6. HP: 32/32 MP: 7/7
  2076 | D:3      | Reached skill level 1 in Dodging
  2176 | D:3      | Found a basalt altar of Yredelemnul.
  2221 | D:3      | Found a faded altar of an unknown god.
  2247 | D:3      | Noticed Sigmund
  2254 | D:3      | Killed Sigmund
  2576 | D:4      | Noticed Ijyb
  2584 | D:4      | Killed Ijyb
  2647 | D:4      | Noticed Dowan
  2771 | D:4      | Reached XP level 7. HP: 33/36 MP: 8/8
  2813 | D:4      | Noticed Duvessa
  2872 | D:4      | Killed Dowan
  3096 | D:4      | Killed Duvessa
  3096 | D:4      | Reached skill level 5 in Axes
  3495 | D:5      | Entered Level 5 of the Dungeon
  3504 | D:5      | Gained mutation: You have razor-sharp teeth. [Vine Stalker
                  | growth]
  3504 | D:5      | Reached XP level 8. HP: 32/40 MP: 9/9
  3529 | D:5      | Found a staircase to the Ecumenical Temple.
  3536 | Temple   | Entered the Ecumenical Temple
  3565 | Temple   | Became a worshipper of Warmaster Okawaru
  4013 | D:5      | Found a hide-covered altar of Uskayaw.
  4016 | D:5      | Noticed a +0 dagger
  4017 | D:5      | Noticed a +0 hand axe
  4042 | D:5      | Reached * piety under Okawaru
  4042 | D:5      | Reached skill level 4 in Fighting
  4190 | D:5      | Got a warped whip
  4191 | D:5      | Identified the +10 whip of Massacring {freeze, rElec rPois
                  | Str+3 Int+4} (You found it on level 5 of the Dungeon)
  4321 | D:6      | Found an opulent altar of Gozag.
  4370 | D:6      | Found a stormy altar of Qazlal.
  4370 | D:6      | Found a burning altar of Makhleb.
  4370 | D:6      | Found a deep blue altar of Sif Muna.
  4783 | D:6      | Got a bone war axe
  4784 | D:6      | Identified the cursed +3 war axe "Dragon's Tongue" {chop,
                  | +Blink rC+ Dex+4} (You found it on level 6 of the Dungeon)
  4884 | D:6      | Reached XP level 9. HP: 45/45 MP: 10/10
  4894 | D:6      | Found an ancient bone altar of Kikubaaqudgha.
  4895 | D:6      | Reached skill level 1 in Maces & Flails
  5256 | D:7      | Reached skill level 5 in Armour
  5262 | D:7      | Reached skill level 1 in Stealth
  5414 | D:7      | Found a hazy altar of Hepliaklqana.
  5450 | D:7      | Reached skill level 5 in Shields
  5466 | D:7      | Reached ** piety under Okawaru
  5628 | D:7      | You fall through a shaft for 2 floors!
  5658 | D:9      | Noticed Grum
  5681 | D:9      | Killed Grum
  5700 | D:9      | Noticed Maurice
  5721 | D:9      | Killed Maurice
  5721 | D:9      | Reached XP level 10. HP: 51/51 MP: 11/11
  5742 | D:9      | Reached skill level 5 in Fighting
  5751 | D:9      | Reached *** piety under Okawaru
  5836 | D:9      | Noticed Harold
  5849 | D:9      | Killed Harold
  5897 | D:9      | Reached skill level 5 in Maces & Flails
  6330 | D:9      | Found a staircase to the Lair.
  6458 | D:9      | Reached **** piety under Okawaru
  6644 | Lair:1   | Entered Level 1 of the Lair of Beasts
  6671 | Lair:1   | Noticed a black mamba
  6677 | Lair:1   | Killed a black mamba
  6852 | Lair:1   | Noticed a spiny frog
  6855 | Lair:1   | Killed a spiny frog
  6963 | Lair:1   | Learned a level 1 spell: Corona
  7017 | Lair:1   | Noticed a spiny frog
  7022 | Lair:1   | Killed a spiny frog
  7022 | Lair:1   | Reached XP level 11. HP: 56/56 MP: 12/12
  7149 | Lair:1   | Reached ***** piety under Okawaru
  7532 | Lair:2   | Identified a scroll of acquirement
  7535 | Lair:2   | Got a shimmering demon whip
  7536 | Lair:2   | Identified the +0 demon whip "Godiun" {freeze, *Slow rN+
                  | MP+9} (You acquired it on level 2 of the Lair of Beasts)
  7598 | Lair:2   | Noticed an oklob plant
  7724 | Lair:2   | Reached skill level 6 in Fighting
  7755 | Lair:2   | Received a gift from Okawaru
  7758 | Lair:2   | Got a smoking plate armour {god gift}
  7769 | Lair:2   | Identified the +8 plate armour of Kusiu {rElec} (Okawaru
                  | gifted it to you on level 2 of the Lair of Beasts)
  7920 | Lair:2   | Found a hole to the Spider Nest.
  8696 | Lair:3   | Found a staircase to the Shoals.
  8697 | Lair:3   | Noticed a manticore
  8704 | Lair:3   | Killed a manticore
  8887 | Lair:3   | Gained mutation: You heal very quickly. [Vine Stalker
                  | growth]
  8887 | Lair:3   | Reached XP level 12. HP: 53/62 MP: 11/13
  9404 | Lair:4   | Noticed an eight-headed hydra
  9420 | Lair:4   | Killed an eight-headed hydra
  9597 | Lair:4   | Reached skill level 7 in Fighting
  9653 | Lair:4   | Found a transporter.
  9658 | Lair:4   | Found a bloodstained altar of Trog.
  9658 | Lair:4   | Noticed Kairos's ghost (journeyman VSFi)
  9658 | Lair:4   | Identified the +6 demon trident "Dejomom" {distort, rElec
                  | rC+ Stlth+}
  9658 | Lair:4   | Noticed a spriggan rider
  9664 | Lair:4   | Identified the +12 trident "Daxkab" {antimagic, +Rage rElec
                  | Str-3 Int+2}
  9664 | Lair:4   | Noticed a spriggan rider
  9706 | Lair:4   | Found a transporter.
  9805 | Lair:4   | Noticed a death yak
  9805 | Lair:4   | Noticed a death yak
  9807 | Lair:4   | Noticed a death yak
  9808 | Lair:4   | Noticed a death yak
  9808 | Lair:4   | Noticed a death yak
  9811 | Lair:4   | Noticed a death yak
  9821 | Lair:4   | Killed a death yak
  9831 | Lair:4   | Killed a death yak
  9840 | Lair:4   | Killed a death yak
  9848 | Lair:4   | Killed a death yak
  9848 | Lair:4   | Received a gift from Okawaru
  9867 | Lair:4   | Killed a death yak
  9867 | Lair:4   | Received a gift from Okawaru
  9882 | Lair:4   | Killed a death yak
 10101 | Lair:4   | Found a hazy altar of Hepliaklqana.
 10415 | Lair:5   | Reached XP level 13. HP: 68/68 MP: 14/14
 10456 | Lair:5   | Reached skill level 10 in Maces & Flails
 10809 | Lair:5   | Found a staircase to the Slime Pits.
 11004 | Lair:6   | Entered Level 6 of the Lair of Beasts
 11043 | Lair:6   | Reached skill level 8 in Fighting
 11073 | Lair:6   | Reached ****** piety under Okawaru
 11539 | Lair:6   | Received a gift from Okawaru
 11539 | Lair:6   | Reached skill level 1 in Invocations
 11576 | Lair:6   | Got a brightly glowing hat {god gift}
 11582 | Lair:6   | Identified the +2 hat "Forget-Me-Not" {Int+4 Dex+6}
                  | (Okawaru gifted it to you on level 6 of the Lair of Beasts)
 11744 | Lair:6   | Found a runed translucent gate.
 11744 | Lair:6   | Found a runed translucent gate.
 11744 | Lair:6   | Found a runed translucent gate.
 11747 | Lair:6   | Learned a level 1 spell: Animate Skeleton
 11749 | Lair:6   | Noticed adept's ghost (journeyman HOFi)
 12153 | Lair:6   | Reached XP level 14. HP: 74/74 MP: 15/15
 12258 | Lair:6   | Reached skill level 9 in Fighting
 12258 | Lair:6   | Reached skill level 10 in Shields
 12307 | Lair:6   | Reached skill level 10 in Armour
 12646 | Lair:6   | Killed adept's ghost
 12646 | Lair:6   | Received a gift from Okawaru
 12856 | Spider:1 | Entered Level 1 of the Spider Nest
 13300 | Spider:1 | Received a gift from Okawaru
 13448 | Shoals:1 | Entered Level 1 of the Shoals
 13448 | Shoals:1 | Noticed Roxanne
 13524 | Shoals:1 | Killed Roxanne
 13848 | Shoals:1 | Noticed Frances
 13859 | Shoals:1 | Killed Frances
 14013 | Shoals:1 | Reached skill level 10 in Fighting
 14112 | Shoals:1 | Reached XP level 15. HP: 80/80 MP: 17/17
 14139 | Shoals:1 | Received a gift from Okawaru
 14142 | Shoals:1 | Got a polished shield {god gift}
 14153 | Shoals:1 | Identified the +1 shield "Uguiprud" {Int+5} (Okawaru gifted
                  | it to you on level 1 of the Shoals)
 14636 | Shoals:2 | Reached skill level 1 in Spellcasting
 14636 | Shoals:2 | Reached skill level 1 in Hexes
 15066 | Shoals:2 | Noticed Polyphemus
 15104 | Shoals:2 | Killed Polyphemus
 15769 | Shoals:3 | Received a gift from Okawaru
 15944 | Shoals:3 | Found Jeazytun's Food Shoppe.
 16360 | Shoals:3 | Received a gift from Okawaru
 16398 | Shoals:3 | Noticed a kraken
 16567 | Shoals:3 | Killed a kraken
 16567 | Shoals:3 | Reached XP level 16. HP: 70/86 MP: 17/23
 17010 | Shoals:4 | Entered Level 4 of the Shoals
 17241 | Shoals:4 | Noticed a kraken
 17268 | Shoals:4 | Reached skill level 11 in Fighting
 17290 | Shoals:4 | Killed a kraken
 17290 | Shoals:4 | Received a gift from Okawaru
 17297 | Shoals:4 | Got a translucent war axe {god gift}
 17301 | Shoals:4 | Identified the +5 war axe "Zegacwu" {flame, Str+2} (Okawaru
                  | gifted it to you on level 4 of the Shoals)
 17568 | Shoals:4 | Found Iziamoboqa's Book Emporium.
 17613 | Shoals:4 | Reached skill level 5 in Spellcasting
 17895 | Shoals:4 | Noticed Kirke
 17911 | Shoals:4 | Killed Kirke
 18294 | Shoals:4 | Received a gift from Okawaru
 18436 | Shoals:4 | Got a barnacled rune of Zot
 19402 | Spider:2 | Reached XP level 17. HP: 84/91 MP: 27/27
 19525 | Spider:2 | Received a gift from Okawaru
 19541 | Spider:2 | Got a brightly glowing hat {god gift}
 19552 | Spider:2 | Identified the +2 hat of Okawaru's Generosity {rF+ MR+
                  | Str+4 Dex+2} (Okawaru gifted it to you on level 2 of the
                  | Spider Nest)
 20217 | Spider:3 | Reached skill level 10 in Axes
 21063 | Spider:2 | Learned a level 3 spell: Regeneration
 21124 | Spider:3 | Reached skill level 1 in Necromancy
 21360 | Spider:3 | Received a gift from Okawaru
 21651 | Spider:3 | Received a gift from Okawaru
 22056 | Spider:4 | Entered Level 4 of the Spider Nest
 22787 | Spider:4 | Noticed Arachne
 22789 | Spider:4 | Reached XP level 18. HP: 98/98 MP: 28/30
 22804 | Spider:4 | Killed Arachne
 22831 | Spider:4 | Reached skill level 12 in Fighting
 23692 | Spider:4 | Received a gift from Okawaru
 23701 | Spider:4 | Got a pair of fine boots {god gift}
 23707 | Spider:4 | Identified the -1 pair of boots "Ysma" {rElec} (Okawaru
                  | gifted it to you on level 4 of the Spider Nest)
 23711 | Spider:4 | Got a gossamer rune of Zot
 24137 | D:10     | Entered Level 10 of the Dungeon
 24150 | D:10     | Noticed Joseph
 24159 | D:10     | Killed Joseph
 24206 | D:10     | Found a transporter.
 24328 | D:10     | Found a transporter.
 24330 | D:10     | Found the +3 hat of Pondering {ponderous, MR+ MP+10 Int+5}
 24522 | D:10     | Noticed Fannar
 24538 | D:10     | Killed Fannar
 24538 | D:10     | Reached skill level 5 in Necromancy
 24790 | D:11     | Found a staircase to the Orcish Mines.
 25274 | D:11     | Found a portal to a secret trove of treasure.
 25539 | Orc:1    | Entered Level 1 of the Orcish Mines
 26186 | Orc:2    | Entered Level 2 of the Orcish Mines
 26188 | Orc:2    | Found Biokhug's Weapon Emporium.
 26335 | Orc:2    | Found a staircase to the Elven Halls.
 26336 | Orc:2    | Found Voxzial's Weapon Boutique.
 26338 | Orc:2    | Found Fietoufam's Assorted Antiques.
 26361 | Orc:2    | Found Paerph's Magic Scroll Boutique.
 26410 | Orc:2    | Found Malef's Magic Scroll Emporium.
 26416 | Orc:2    | Found Sipearph's Magic Scroll Shoppe.
 26508 | Orc:2    | Found Pumaum's Food Shop.
 26585 | Orc:2    | Found a roughly hewn altar of Beogh.
 26818 | Orc:2    | Received a gift from Okawaru
 26945 | Orc:2    | Found Suuwett's Antique Armour Boutique.
 26945 | Orc:2    | Found Loadghorgh's Book Shop.
 26945 | Orc:2    | Found a one-way gate leading to the halls of Pandemonium.
 26948 | Orc:2    | Reached XP level 19. HP: 92/102 MP: 31/31
 26986 | Orc:2    | Bought a scroll of identify for 34 gold pieces
 26986 | Orc:2    | Bought a scroll of fog for 34 gold pieces
 26986 | Orc:2    | Bought a scroll of identify for 34 gold pieces
 26986 | Orc:2    | Bought a scroll of identify for 34 gold pieces
 26993 | Orc:2    | Bought a scroll of identify for 22 gold pieces
 26993 | Orc:2    | Bought a scroll of identify for 22 gold pieces
 26993 | Orc:2    | Bought a scroll of identify for 22 gold pieces
 27022 | Elf:1    | Entered Level 1 of the Elven Halls
 27027 | Elf:1    | Noticed Nikola
 27045 | Elf:1    | Killed Nikola
 27175 | Elf:1    | Found a magical portal.
 27184 | WizLab   | Entered Lehudib's Moon Base
 27249 | WizLab   | Gained mutation: You are frail. (-10% HP) [a neqoxec]
 27292 | WizLab   | Paralysed by accursed screaming for 1 turns
 27499 | WizLab   | Received a gift from Okawaru
 27663 | WizLab   | Got a vibrating jade ring
 27665 | WizLab   | Identified the ring "Kistropty" {rN+ Dex+4 Slay+5} (You
                  | found it in a wizard's laboratory)
 27686 | WizLab   | Gained mutation: You are dopey. (Int -2) [a cacodemon]
 27695 | WizLab   | Reached skill level 15 in Shields
 27737 | WizLab   | Found a transporter.
 27855 | WizLab   | Reached skill level 13 in Fighting
 27931 | WizLab   | Found a transporter.
 28246 | WizLab   | Identified the Reference Book on Aid
 28254 | WizLab   | Got a transparent crystal amulet
 28255 | WizLab   | Identified the amulet of Day {Reflect rN+ MP+9 SH+2} (You
                  | found it in a wizard's laboratory)
 28375 | WizLab   | Lost mutation: You are frail. (-10% HP) [potion of
                  | mutation]
 28375 | WizLab   | Lost mutation: You are dopey. (Int -2) [potion of mutation]
 28375 | WizLab   | Gained mutation: You are robust. (+10% HP) [potion of
                  | mutation]
 28375 | WizLab   | Gained mutation: You have sharp toenails. [potion of
                  | mutation]
 28518 | Elf:1    | Noticed Donald
 28528 | Elf:1    | Killed Donald
 28829 | Elf:1    | Received a gift from Okawaru
 28875 | Elf:1    | Reached XP level 20. HP: 119/119 MP: 32/32
 29239 | Elf:2    | Found an ancient bone altar of Kikubaaqudgha.
 29524 | Elf:2    | Reached skill level 15 in Axes
 29664 | Elf:2    | Found a runed translucent gate.
 29664 | Elf:2    | Found a runed translucent gate.
 29666 | Elf:2    | Found a runed translucent gate.
 29714 | Elf:2    | Received a gift from Okawaru
 29718 | Elf:2    | Got a translucent hand axe {god gift}
 29719 | Elf:2    | Identified the +11 hand axe of the Kidney {holy, MR++
                  | Dex+4} (Okawaru gifted it to you on level 2 of the Elven
                  | Halls)
 30107 | Elf:3    | Entered Level 3 of the Elven Halls
 30665 | Elf:3    | Received a gift from Okawaru
 30718 | Elf:3    | Noticed a Tzitzimitl
 30770 | Elf:3    | Identified the +1 shadow dragon scales "Wouze" {rElec rC-
                  | MR- Regen+ Stlth++++}
 30916 | Elf:3    | Reached skill level 10 in Necromancy
 30925 | Elf:3    | Received a gift from Okawaru
 30937 | Elf:3    | Reached XP level 21. HP: 125/125 MP: 33/33
 30952 | Elf:3    | Identified the +10 war axe of Courage {chop, *Corrode
                  | Dex+5} (Okawaru gifted it to you on level 3 of the Elven
                  | Halls)
 31051 | Elf:3    | Identified the cursed +1 great sword of Conscience {flame,
                  | rPois Str+7 Int+3 Dex-3}
 31051 | Elf:3    | Identified the ring "Mestragisa" {Str+3 Slay+2 SInv}
 31061 | Elf:3    | Reached skill level 14 in Fighting
 31147 | Elf:3    | Identified Omerphezo's Papyrus of Burning Malediction
 31204 | Elf:3    | Found the +7 Spriggan's Knife {stab, EV+4 Stlth+}
 31293 | Elf:3    | Got a steaming flail
 31294 | Elf:3    | Identified the +9 flail "Xenun" {antimagic, +Inv Str+2}
                  | (You found it on level 3 of the Elven Halls)
 31829 | Orc:2    | Bought 2 scrolls of fog for 68 gold pieces
 31829 | Orc:2    | Bought a scroll of enchant armour for 127 gold pieces
 32051 | D:12     | Found a frozen archway.
 32081 | IceCv    | Entered an ice cave
 32087 | IceCv    | Reached skill level 1 in Charms
 32355 | IceCv    | Got heavily runed ice dragon scales
 32366 | IceCv    | Identified the +12 ice dragon scales "Xomib" {rF- rC++ rN++
                  | MR+ MP-9} (You found it in an ice cave)
 33162 | D:13     | Found a gate to the Vaults.
 33187 | D:13     | Received a gift from Okawaru
 33552 | Vaults:1 | Entered Level 1 of the Vaults
 33599 | Vaults:1 | Reached skill level 1 in Short Blades
 33891 | Vaults:1 | Reached skill level 5 in Dodging
 34635 | Vaults:2 | Reached skill level 5 in Stealth
 34650 | Vaults:2 | Reached skill level 5 in Hexes
 34712 | Vaults:2 | You are sucked into a shaft for 2 floors!
 34815 | Vaults:4 | Received a gift from Okawaru
 35042 | Vaults:3 | Reached XP level 22. HP: 133/133 MP: 34/34
 35109 | Vaults:3 | Reached skill level 5 in Charms
 35116 | Vaults:3 | Found a ruined gateway.
 35213 | Desolati | Entered the Desolation of Salt
 35257 | Desolati | Reached skill level 5 in Invocations
 35549 | Desolati | Identified the +11 short sword of a Gauntlet {pierce, rElec
                  | rC+} (You found it in the Desolation of Salt)
 35581 | Desolati | Identified the Guide on Frigorific Stolen Souls
 35590 | Desolati | Learned a level 5 spell: Metabolic Englaciation
 35634 | Desolati | Reached skill level 15 in Fighting
 35761 | Desolati | Got a smoking ivory ring
 35785 | Desolati | Identified the Incunabulum of the Ashen Volcanoes
 36018 | Desolati | Received a gift from Okawaru
 36025 | Desolati | Identified the ring of the Solstice {+Blink rPois AC+1}
                  | (You found it in the Desolation of Salt)
 36033 | Desolati | Got a jewelled crystal plate armour {god gift}
 36044 | Desolati | Identified the +8 crystal plate armour "Leblab" {MR- rCorr
                  | Dex+2} (Okawaru gifted it to you in the Desolation of Salt)
 36368 | Vaults:3 | Learned a level 3 spell: Vampiric Draining
 36371 | Vaults:3 | Learned a level 2 spell: Slow
 36990 | D:11     | You paid a toll of +6 fire dragon scales to enter a
                  | treasure trove
 36991 | Trove    | Entered a treasure trove
 36995 | Trove    | Found the +2 robe of Vines {NoPotionHeal Regen+7}
 37005 | Trove    | Got a pair of spiked boots
 37016 | Trove    | Identified the +1 pair of boots of Bufavonoju {MR- MP+9
                  | Dex+2} (You found it in a treasure trove)
 37017 | Trove    | Got a translucent cloak
 37028 | Trove    | Identified the +0 cloak of the Constellations {rElec rCorr
                  | Int-4 SInv} (You found it in a treasure trove)
 37029 | Trove    | Got a pair of heavily runed boots
 37040 | Trove    | Identified the +0 pair of boots of Nottapt {+Fly} (You
                  | found it in a treasure trove)
 37053 | Trove    | Got a pair of scorched gloves
 37064 | Trove    | Identified the +2 pair of gloves of Going Fast {*Contam
                  | Regen+ Stlth+} (You found it in a treasure trove)
 37104 | Trove    | Identified a +1 pair of boots of running (You found it in a
                  | treasure trove)
 37112 | Trove    | Got a pair of brightly glowing boots
 37123 | Trove    | Identified the +1 pair of boots of the Devil {rPois rC+
                  | Str+4 Dex-2} (You found it in a treasure trove)
 37149 | Trove    | Identified the cursed +0 ring mail of Jemellug {Dex+3 SInv}
                  | (You found it in a treasure trove)
 37720 | Vaults:2 | You fall through a shaft!
 37847 | Vaults:3 | Found a staircase to the Crypt.
 37871 | Vaults:3 | Noticed Sojobo
 37893 | Vaults:3 | Killed Sojobo
 37955 | Vaults:3 | Found a large runed translucent door.
 37955 | Vaults:3 | Found a large runed translucent door.
 37955 | Vaults:3 | Noticed MirrMurr's ghost (adept SpEn)
 37969 | Vaults:3 | Killed MirrMurr's ghost
 38046 | Vaults:3 | Reached skill level 16 in Fighting
 38097 | Vaults:3 | Reached XP level 23. HP: 128/140 MP: 32/35
 38162 | Vaults:3 | Noticed Rupert
 38179 | Vaults:3 | Killed Rupert
 38330 | Vaults:3 | Received a gift from Okawaru
 38980 | Vaults:2 | Got an ancient scale mail
 38991 | Vaults:2 | Identified the +4 scale mail "Resual" {+Fly} (You found it
                  | on level 2 of the Vaults)
 39004 | Vaults:2 | Got a smoking hunting sling
 39005 | Vaults:2 | Identified the cursed +1 hunting sling of Neurosis
                  | {velocity, *Slow rElec rPois Dex-5} (You found it on level
                  | 2 of the Vaults)
 39467 | Vaults:4 | Reached skill level 1 in Evocations
 40159 | Vaults:5 | Entered Level 5 of the Vaults
 40183 | Vaults:5 | Received a gift from Okawaru
 40184 | Vaults:5 | Reached skill level 17 in Fighting
 40235 | Vaults:4 | Received a gift from Okawaru
 40246 | Vaults:4 | Got a pair of crude gloves {god gift}
 40247 | Vaults:4 | Identified the +0 pair of gloves of the Onion {Regen+ Str-4
                  | Dex+3} (Okawaru gifted it to you on level 4 of the Vaults)
 40442 | Vaults:5 | Reached XP level 24. HP: 124/150 MP: 34/35
 40605 | Vaults:5 | Reached skill level 18 in Fighting
 40741 | Vaults:5 | Found Avex's Distillery.
 40871 | Vaults:5 | Received a gift from Okawaru
 40873 | Vaults:5 | Reached skill level 10 in Stealth
 41040 | Vaults:5 | Noticed an ancient lich
 41059 | Vaults:5 | Killed an ancient lich
 41148 | Vaults:5 | Got a slimy morningstar
 41149 | Vaults:5 | Identified the +5 morningstar "Voriemub" {crush, *Noise rF+
                  | rC+ Str+3} (You found it on level 5 of the Vaults)
 41274 | Vaults:5 | Identified the cursed +0 scimitar of the Endless March
                  | {slice, rN+ Dex+7}
 41274 | Vaults:5 | Identified the amulet "Cuq Jauv" {Faith rF+++ Int+4 Slay-6
                  | Stlth-}
 41320 | Vaults:5 | Received a gift from Okawaru
 41439 | Vaults:5 | Received a gift from Okawaru
 41601 | Vaults:5 | Found the +5 pair of quick blades "Gyre" and "Gimble"
                  | {pierce, Dex-3}
 41628 | Vaults:5 | Reached XP level 25. HP: 139/158 MP: 31/35
 41671 | Vaults:5 | Got a silver rune of Zot
 42472 | D:14     | Found an opulent altar of Gozag.
 43215 | D:15     | Entered Level 15 of the Dungeon
 43257 | D:15     | Noticed Azrael
 43268 | D:15     | Killed Azrael
 43477 | D:15     | Found a staircase to the Depths.
 43759 | D:15     | Reached skill level 19 in Fighting
 43994 | Depths:1 | Entered Level 1 of the Depths
 43994 | Depths:1 | Found a one-way gate to the infinite horrors of the Abyss.
 44087 | Depths:1 | Found a gateway to Hell.
 44312 | Depths:1 | Received a gift from Okawaru
 44319 | Depths:1 | Got a distressingly furry helmet {god gift}
 44330 | Depths:1 | Identified the +2 helmet of Sebboutu {Str+5} (Okawaru
                  | gifted it to you on level 1 of the Depths)
 44485 | Depths:1 | Got a transparent gossamer ring
 44489 | Depths:1 | Identified the ring "Diang" {rC+ Stlth+} (You found it on
                  | level 1 of the Depths)
 45194 | Depths:2 | Found the +0 sword of Power
 45444 | Depths:2 | Reached XP level 26. HP: 166/166 MP: 35/35
 45531 | Depths:2 | Got a bound lead ring
 45533 | Depths:2 | Identified the ring of Othaisch {rElec rF+ Stlth-} (You
                  | found it on level 2 of the Depths)
 45799 | Depths:2 | Got a bloodstained hand axe
 45800 | Depths:2 | Identified the +6 hand axe of Revolt {pain, *Contam *Drain
                  | rPois rF+++} (You found it on level 2 of the Depths)
 45838 | Depths:2 | Received a gift from Okawaru
 45851 | Depths:2 | Identified the amulet of Fixation {Faith +Fly Str-2 Dex+6}
 46027 | Hell     | Entered the Vestibule of Hell
 46027 | Hell     | Noticed Geryon
 46043 | Hell     | Killed Geryon
 46175 | Depths:3 | Reached skill level 5 in Short Blades
 46612 | Depths:3 | Reached skill level 20 in Fighting
 47291 | Depths:4 | Found a corrupted altar of Lugonu.
 47302 | Depths:4 | Found a gateway to a ziggurat.
 47365 | Depths:4 | Found a flickering gateway to a bazaar.
 47411 | Bazaar   | Entered a bazaar
 47413 | Bazaar   | Found Deceont's Antique Armour Boutique.
 47417 | Bazaar   | Found Qouroy's Assorted Antiques.
 47417 | Bazaar   | Found Haerud Zoddu's Food Boutique.
 47417 | Bazaar   | Found Foeghid's Assorted Antiques.
 47446 | Bazaar   | Bought a potion of cancellation for 208 gold pieces
 47446 | Bazaar   | Bought a potion of agility for 104 gold pieces
 47446 | Bazaar   | Bought a scroll of magic mapping for 91 gold pieces
 47454 | Bazaar   | Bought a potion of cancellation for 296 gold pieces
 47454 | Bazaar   | Bought a scroll of holy word for 277 gold pieces
 47454 | Bazaar   | Bought a scroll of fear for 129 gold pieces
 47470 | Bazaar   | Bought a pair of embroidered gloves for 165 gold pieces
 47475 | Bazaar   | Bought a glowing hat for 154 gold pieces
 47504 | Bazaar   | Bought a scroll of teleportation for 78 gold pieces
 47762 | Depths:4 | Received a gift from Okawaru
 47946 | Depths:4 | Received a gift from Okawaru
 48546 | Depths:5 | Entered Level 5 of the Depths
 48582 | Depths:5 | Reached XP level 27. HP: 139/173 MP: 35/35
 48675 | Depths:5 | Found a gate to the Realm of Zot.
 48784 | Depths:5 | Found Xievejan's Gadget Boutique.
 48784 | Depths:5 | Found Nytagal's Jewellery Emporium.
 48785 | Depths:5 | Found Uhofuz's Jewellery Emporium.
 48962 | Depths:5 | Found a sacrificial altar of Ru.
 49619 | D:15     | Learned a level 6 spell: Darkness
 49625 | D:15     | Learned a level 5 spell: Silence
 49893 | Orc:2    | Bought a manual of Dodging for 1987 gold pieces
 49932 | Orc:2    | Got a fine hat
 49938 | Orc:2    | Identified the +0 hat of a volcano {Str+4 Int-2} (You
                  | acquired it on level 2 of the Orcish Mines)
 50056 | Elf:2    | Learned a level 5 spell: Aura of Abjuration
 50129 | Orc:2    | Bought a scroll of blinking for 127 gold pieces
 50129 | Orc:2    | Bought a scroll of enchant armour for 127 gold pieces
 50150 | Orc:2    | Bought a scroll of enchant armour for 82 gold pieces
 50150 | Orc:2    | Bought a scroll of teleportation for 33 gold pieces
 50150 | Orc:2    | Bought a scroll of fear for 38 gold pieces
 50150 | Orc:2    | Bought a scroll of teleportation for 33 gold pieces
 50150 | Orc:2    | Bought a scroll of teleportation for 33 gold pieces
 50150 | Orc:2    | Bought a scroll of summoning for 104 gold pieces
 50150 | Orc:2    | Bought a scroll of enchant armour for 82 gold pieces
 50152 | Orc:2    | Bought a scroll of teleportation for 51 gold pieces
 50152 | Orc:2    | Bought a scroll of summoning for 161 gold pieces
 50423 | D:8      | Found Utoly's Magic Scroll Emporium.
 50433 | D:8      | Bought a scroll of magic mapping for 38 gold pieces
 50433 | D:8      | Bought a scroll of enchant armour for 82 gold pieces
 50433 | D:8      | Bought a scroll of fear for 38 gold pieces
 50433 | D:8      | Bought a scroll of fear for 38 gold pieces
 50557 | D:8      | You fall through a shaft!
 50626 | D:8      | Found a glowing silver altar of Zin.
 50984 | D:8      | Got a crude cloak
 50995 | D:8      | Identified the +1 cloak of Wu Jian's Envy {*Corrode Int+4
                  | Stlth+} (You acquired it on level 8 of the Dungeon)
 51199 | D:8      | Bought a scroll of acquirement for 572 gold pieces
 51346 | D:2      | Fell from the grace of Okawaru
 51346 | D:2      | Became a worshipper of the Shining One
 51626 | Crypt:1  | Entered Level 1 of the Crypt
 51652 | Crypt:1  | Reached * piety under the Shining One
 51694 | Crypt:1  | Reached skill level 10 in Dodging
 51694 | Crypt:1  | Reached skill level 1 in Air Magic
 51700 | Crypt:1  | Reached ** piety under the Shining One
 52277 | Crypt:2  | Reached *** piety under the Shining One
 52395 | Crypt:2  | Reached **** piety under the Shining One
 52588 | Crypt:2  | Identified Sif Muna's Disquisition on Mutagenic Ice
 52599 | Crypt:2  | Reached ***** piety under the Shining One
 52863 | Crypt:3  | Entered Level 3 of the Crypt
 53009 | Crypt:3  | Noticed Jory
 53018 | Crypt:3  | Killed Jory
 53066 | Crypt:3  | Found the amulet of the Air {Inacc +Fly rElec EV+5 RMsl}
 53078 | Crypt:3  | Noticed Mara
 53079 | Crypt:3  | Found a staircase to the Tomb.
 53086 | Crypt:3  | Noticed Kairos's illusion
 53102 | Crypt:3  | Noticed Kairos's illusion
 53112 | Crypt:3  | Killed Mara
 53423 | Crypt:3  | Reached ****** piety under the Shining One
 53472 | Crypt:3  | Learned a level 1 spell: Apportation
 53706 | Crypt:3  | Noticed an ancient lich
 53706 | Crypt:3  | Noticed an ancient lich
 53707 | Crypt:3  | Noticed an ancient lich
 53707 | Crypt:3  | Noticed an ancient lich
 53735 | Crypt:3  | Identified a +6 sacred scourge of holy wrath (a +4 demon
                  | whip of flaming blessed by the Shining One)
 53735 | Crypt:3  | Received a gift from the Shining One
 53937 | Crypt:3  | Killed an ancient lich
 53960 | Crypt:3  | Killed an ancient lich
 53960 | Crypt:3  | Reached skill level 1 in Summonings
 53960 | Crypt:3  | Reached skill level 1 in Translocations
 53980 | Crypt:3  | Killed an ancient lich
 53983 | Crypt:3  | Killed an ancient lich
 53987 | Crypt:3  | Identified Koregezu's Collected Works on Evil Rituals
 54062 | Crypt:3  | Lost mutation: You have sharp toenails. [potion of
                  | mutation]
 54062 | Crypt:3  | Lost mutation: You are robust. (+10% HP) [potion of
                  | mutation]
 54062 | Crypt:3  | Gained mutation: You have sharp fingernails. [potion of
                  | mutation]
 54062 | Crypt:3  | Gained mutation: Your skin changes colour to match your
                  | surroundings (Stealth+). [potion of mutation]
 54063 | Crypt:3  | Lost mutation: You have sharp fingernails. [potion of
                  | mutation]
 54063 | Crypt:3  | Lost mutation: Your skin changes colour to match your
                  | surroundings (Stealth+). [potion of mutation]
 54063 | Crypt:3  | Gained mutation: You are agile. (Dex +2) [potion of
                  | mutation]
 54063 | Crypt:3  | Gained mutation: You are very agile. (Dex +4) [potion of
                  | mutation]
 54063 | Crypt:3  | Gained mutation: You are partially covered in large bone
                  | plates. (SH +4) [potion of mutation]
 54064 | Crypt:3  | Lost mutation: You are partially covered in large bone
                  | plates. (SH +4) [potion of mutation]
 54064 | Crypt:3  | Lost mutation: You are very agile. (Dex +4) [potion of
                  | mutation]
 54064 | Crypt:3  | Lost mutation: You are agile. (Dex +2) [potion of mutation]
 54064 | Crypt:3  | Gained mutation: You are partially covered in molten
                  | scales. (AC +2) [potion of mutation]
 54064 | Crypt:3  | Gained mutation: You are dopey. (Int -2) [potion of
                  | mutation]
 54064 | Crypt:3  | Gained mutation: You are frail. (-10% HP) [potion of
                  | mutation]
 54064 | Crypt:3  | Gained mutation: You possess an exceptional clarity of
                  | mind. [potion of mutation]
 54065 | Crypt:3  | Lost mutation: You are dopey. (Int -2) [potion of mutation]
 54065 | Crypt:3  | Lost mutation: You are partially covered in molten scales.
                  | (AC +2) [potion of mutation]
 54065 | Crypt:3  | Gained mutation: You are somewhat resistant to further
                  | mutation. [potion of mutation]
 54066 | Crypt:3  | Lost mutation: You are frail. (-10% HP) [potion of
                  | mutation]
 54066 | Crypt:3  | Lost mutation: You are somewhat resistant to further
                  | mutation. [potion of mutation]
 54066 | Crypt:3  | Lost mutation: You possess an exceptional clarity of mind.
                  | [potion of mutation]
 54066 | Crypt:3  | Gained mutation: Your muscles are strong. (Str +2) [potion
                  | of mutation]
 54066 | Crypt:3  | Gained mutation: You regenerate. [potion of mutation]
 54341 | D:8      | Fell from the grace of the Shining One
 54341 | D:8      | Became a worshipper of Zin the Law-Giver
 54341 | D:8      | Reached * piety under Zin
 54341 | D:8      | Reached ** piety under Zin
 54341 | D:8      | Reached *** piety under Zin
 54341 | D:8      | Reached **** piety under Zin
 54580 | Hell     | Reached ***** piety under Zin
 54593 | Hell     | Reached skill level 5 in Air Magic
 54714 | Hell     | Found a gateway to the decaying netherworld of Tartarus.
 54798 | Hell     | Found a gateway to the ashen valley of Gehenna.
 54810 | Hell     | Reached skill level 21 in Fighting
 54921 | Hell     | Found a gateway to the Iron City of Dis.
 54973 | Hell     | Found a gateway to the freezing wastes of Cocytus.
 55085 | Geh:1    | Entered Level 1 of Gehenna
 55684 | Geh:3    | You fall through a shaft!
 55779 | Geh:4    | You fall through a shaft!
 55855 | Geh:6    | You fall through a shaft!
 55855 | Geh:7    | Entered Level 7 of Gehenna
 55987 | Geh:7    | Reached ****** piety under Zin
 55988 | Geh:7    | Reached skill level 15 in Armour
 56154 | Geh:7    | Reached skill level 5 in Summonings
 56278 | Geh:7    | Reached skill level 5 in Translocations
 56310 | Geh:7    | Identified the +7 sceptre of Asmodeus
 56310 | Geh:7    | Noticed Asmodeus
 56335 | Geh:7    | Killed Asmodeus
 56354 | Geh:7    | Got an obsidian rune of Zot
 56392 | Geh:7    | Got a scorched ivory amulet
 56393 | Geh:7    | Identified the amulet "Iczaing" {RegenMP rC- Str+4 Slay+3}
                  | (You found it on level 7 of Gehenna)
 56487 | Geh:7    | Identified the Collected Works on the Blistering Snowflakes
 56491 | Geh:7    | Got a translucent hand crossbow
 56501 | Geh:7    | Identified the +1 hand crossbow "Wuecaerch" {penet, MR++
                  | MP-9} (You found it on level 7 of Gehenna)
 56597 | Geh:7    | Reached skill level 10 in Invocations
 57172 | Coc:1    | Entered Level 1 of Cocytus
 57325 | Coc:3    | Reached skill level 10 in Spellcasting
 57810 | Coc:5    | Reached skill level 15 in Stealth
 57852 | Coc:7    | Entered Level 7 of Cocytus
 58477 | Coc:7    | Noticed Antaeus
 58526 | Coc:7    | Killed Antaeus
 58555 | Coc:7    | Got an icy rune of Zot
 58871 | Coc:7    | Was forgiven by Okawaru
 58879 | Coc:7    | Reached skill level 10 in Hexes
 59163 | Hell     | Learned a level 2 spell: Blink
 59168 | Hell     | Learned a level 3 spell: Spectral Weapon
 59172 | Tar:1    | Entered Level 1 of Tartarus
 59230 | Tar:2    | You fall through a shaft for 2 floors!
 59501 | Tar:5    | You fall through a shaft!
 60010 | Tar:7    | Entered Level 7 of Tartarus
 60518 | Tar:7    | Noticed Ereshkigal
 60591 | Tar:7    | Reached skill level 10 in Air Magic
 60636 | Tar:7    | Killed Ereshkigal
 60661 | Tar:7    | Got a bone rune of Zot
 60858 | Tar:7    | Identified the Disquisition on Good Luck and the Frostbite
 60881 | Tar:7    | Identified the +6 chain mail "Vosusel" {rC++} (You found it
                  | on level 7 of Tartarus)
 61090 | Tar:7    | Got a crude turquoise ring
 61096 | Tar:7    | Identified the ring "Nyith" {+Fly rPois} (You found it on
                  | level 7 of Tartarus)
 61930 | Tar:7    | Reached skill level 22 in Fighting
 61998 | Tar:7    | Noticed an ancient lich
 62000 | Tar:7    | Noticed an ancient lich
 62004 | Tar:7    | Noticed an ancient lich
 62013 | Tar:7    | Killed an ancient lich
 62019 | Tar:7    | Killed an ancient lich
 62030 | Tar:7    | Killed an ancient lich
 62043 | Tar:7    | Identified the Compendium of Compression
 62045 | Tar:7    | Identified the Disquisition on Enhancements
 62147 | Dis:1    | Entered Level 1 of the Iron City of Dis
 62318 | Dis:4    | You fall through a shaft for 2 floors!
 62345 | Dis:7    | Entered Level 7 of the Iron City of Dis
 62400 | Dis:7    | Reached skill level 10 in Translocations
 62404 | Dis:7    | Reached skill level 10 in Summonings
 62803 | Dis:7    | Noticed the Serpent of Hell
 62819 | Dis:7    | Killed the Serpent of Hell
 62977 | Dis:7    | Identified the Almanac of the Mountains
 63016 | Dis:7    | Identified the +3 morningstar "Goblinbane" {crush, rF+}
                  | (You found it on level 7 of the Iron City of Dis)
 63351 | Dis:7    | Identified the +4 staff of Dispater
 63351 | Dis:7    | Noticed Dispater
 63465 | Dis:7    | Killed Dispater
 63553 | Dis:7    | Got an iron rune of Zot
 63583 | Dis:7    | Learned a level 6 spell: Invisibility
 63763 | Depths:4 | Voluntarily entered the Abyss.
 63901 | Abyss:3  | Found a corrupted altar of Lugonu.
 64269 | Abyss:5  | Entered Level 5 of the Abyss
 64270 | Abyss:5  | Found a corrupted altar of Lugonu.
 64514 | Abyss:5  | Paralysed by accursed screaming for 1 turns
 64609 | Abyss:5  | Paralysed by accursed screaming for 2 turns
 64621 | Abyss:5  | Paralysed by accursed screaming for 2 turns
 64699 | Abyss:5  | Got an abyssal rune of Zot
 64713 | Depths:4 | Escaped the Abyss
 64775 | Pan      | Entered Pandemonium
 64778 | Pan      | Found a huge runed translucent gate.
 64781 | Pan      | Found a huge runed translucent gate.
 64782 | Pan      | Found a huge runed translucent gate.
 64782 | Pan      | Found a huge runed translucent gate.
 64782 | Pan      | Found a huge runed translucent gate.
 64782 | Pan      | Found a huge runed translucent gate.
 64800 | Pan      | Found a huge runed translucent gate.
 65300 | Pan      | Noticed Enwuoq the pandemonium lord
 65318 | Pan      | Killed Enwuoq the pandemonium lord
 65408 | Pan      | Noticed Dih Vink the pandemonium lord
 65431 | Pan      | Killed Dih Vink the pandemonium lord
 65536 | Pan      | Entered the realm of Mnoleg.
 65940 | Pan      | Noticed Mnoleg
 65978 | Pan      | Paralysed by a floating eye for 4 turns
 66242 | Pan      | Killed Mnoleg
 66288 | Pan      | Got a glowing rune of Zot
 66597 | Pan      | Found an exit through the horrors of the Abyss.
 66931 | Pan      | Noticed Ikiumew the pandemonium lord
 67072 | Pan      | Killed Ikiumew the pandemonium lord
 67281 | Pan      | Entered the realm of Gloorx Vloq.
 67499 | Pan      | Noticed Gloorx Vloq
 67509 | Pan      | Killed Gloorx Vloq
 67515 | Pan      | Got a dark rune of Zot
 67646 | Pan      | Entered the realm of Cerebov.
 68039 | Pan      | Identified the +6 sword of Cerebov {flame}
 68039 | Pan      | Noticed Cerebov
 68227 | Pan      | Killed Cerebov
 68260 | Pan      | Got a fiery rune of Zot
 68342 | Pan      | Identified the Papyrus of Icy Attacks
 68555 | Pan      | Identified the Catalogue of Glacial Transmutation
 68858 | Pan      | Reached skill level 15 in Invocations
 69044 | Pan      | Identified the +0 pair of boots of the Moon {rPois rC++
                  | rCorr Int-2} (You found it in Pandemonium)
 69230 | Pan      | Noticed Anneigox the pandemonium lord
 69249 | Pan      | Killed Anneigox the pandemonium lord
 69256 | Pan      | Got a demonic rune of Zot
 69259 | Pan      | Entered the realm of Lom Lobon.
 69625 | Pan      | Noticed Lom Lobon
 69654 | Pan      | Killed Lom Lobon
 69677 | Pan      | Got a magical rune of Zot
 69706 | Pan      | Reached skill level 15 in Spellcasting
 70035 | Pan      | Found an exit through the horrors of the Abyss.
 70604 | Pan      | Identified the +4 chain mail of Peek-a-Boo {rElec MP+9
                  | Str+7 Stlth-}
 70604 | Pan      | Identified the ring of Koimu {+Blink Int+2}
 70604 | Pan      | Noticed a seraph
 70611 | Pan      | Identified the +0 large shield of the Desolation of Salt
                  | {MP+9}
 70618 | Pan      | Killed a seraph
 70618 | Pan      | Reached skill level 23 in Fighting
 70640 | Pan      | Found a glowing golden altar of the Shining One.
 70862 | Pan      | Identified the +1 buckler "Zaufan" {rElec}
 71127 | Pan      | Identified the +5 large shield of the Valley of Death {MR+
                  | Int+2 Stlth+}
 71186 | Pan      | Found a glowing silver altar of Zin.
 71235 | Pan      | Identified the +1 chain mail of the Ditch-Digger {*Contam
                  | rC+++ rCorr MP-9} (You acquired it in Pandemonium)
 71282 | Pan      | Identified the cursed -2 large shield "Turaulas" {rC+ rN+}
 71298 | Pan      | Reached skill level 15 in Hexes
 72166 | Pan      | Identified the +2 buckler of Mesompur {rF+}
 72230 | Pan      | Found a white marble altar of Elyvilon.
 72613 | Depths:4 | Escaped Pandemonium
 72926 | Slime:1  | Entered Level 1 of the Pits of Slime
 72948 | Slime:2  | Reached skill level 1 in Ice Magic
 73121 | Slime:5  | Entered Level 5 of the Pits of Slime
 73380 | Slime:5  | Found a viscous altar of Jiyva.
 73451 | Slime:5  | Noticed the Royal Jelly
 73474 | Slime:5  | Killed the Royal Jelly
 73531 | Slime:5  | Got a slimy rune of Zot
 73612 | Slime:5  | Got a scintillating steel ring
 73627 | Slime:5  | Identified the ring of Ushoskist {AC+4 Str+3} (You found it
                  | on level 5 of the Pits of Slime)
 73637 | Slime:5  | Got spiked ice dragon scales
 73648 | Slime:5  | Identified the +5 ice dragon scales "Ruah" {rF- rC++ rCorr}
                  | (You found it on level 5 of the Pits of Slime)
 73876 | Shoals:4 | Bought a book of Air for 595 gold pieces
 73879 | Shoals:4 | Learned a level 2 spell: Swiftness
 74206 | Zig:1    | Entered Level 1 of a ziggurat
 74219 | Zig:2    | Entered Level 2 of a ziggurat
 74229 | Zig:2    | Got a scintillating silver ring
 74236 | Zig:2    | Identified the cursed ring "Ythroisis" {MR++ AC-3} (You
                  | found it on level 2 of a ziggurat)
 74243 | Zig:3    | Entered Level 3 of a ziggurat
 74280 | Zig:4    | Entered Level 4 of a ziggurat
 74311 | Zig:5    | Entered Level 5 of a ziggurat
 74377 | Zig:6    | Entered Level 6 of a ziggurat
 74437 | Zig:7    | Entered Level 7 of a ziggurat
 74488 | Zig:8    | Entered Level 8 of a ziggurat
 74522 | Zig:8    | Noticed Kohogg the pandemonium lord
 74553 | Zig:8    | Killed Kohogg the pandemonium lord
 74560 | Zig:8    | Identified the Papyrus of Execration and Snow
 74589 | Zig:9    | Entered Level 9 of a ziggurat
 74651 | Zig:9    | Identified Sif Muna's Reference Book on the Warped Blaze
 74664 | Zig:10   | Entered Level 10 of a ziggurat
 74734 | Zig:10   | Got a wavering copper amulet
 74736 | Zig:10   | Identified the amulet "Liris" {Spirit Dex+2} (You found it
                  | on level 10 of a ziggurat)
 74749 | Zig:10   | Learned a level 8 spell: Controlled Blink
 74751 | Zig:11   | Entered Level 11 of a ziggurat
 74911 | Zig:12   | Entered Level 12 of a ziggurat
 75033 | Zig:13   | Entered Level 13 of a ziggurat
 75166 | Zig:13   | Got a transparent pewter ring
 75170 | Zig:13   | Identified Wata's Almanac of Earthen Intoxication
 75182 | Zig:13   | Identified the ring of Lady Luck {rPois Dex+3} (You found
                  | it on level 13 of a ziggurat)
 75192 | Zig:14   | Entered Level 14 of a ziggurat
 75297 | Zig:14   | Reached skill level 15 in Translocations
 75323 | Zig:14   | Found the +3 crown of Dyrovepreva {rElec Int+2 SInv}
 75332 | Zig:14   | Identified the Papyrus of Noxious Protection
 75352 | Zig:15   | Entered Level 15 of a ziggurat
 75612 | Zig:15   | Identified the cursed +0 hand crossbow "Poukhlasaw" {venom,
                  | Dex+4} (You found it on level 15 of a ziggurat)
 75619 | Zig:16   | Entered Level 16 of a ziggurat
 75732 | Zig:16   | Noticed an ancient lich
 75752 | Zig:16   | Killed an ancient lich
 75752 | Zig:16   | Reached skill level 24 in Fighting
 75787 | Zig:16   | Identified the Guide on Vitriolic Moulding
 75843 | Zig:17   | Entered Level 17 of a ziggurat
 76032 | Zig:17   | Got a pitted turquoise ring
 76038 | Zig:17   | Identified the ring "Gycum" {rCorr rPois rF+ rC+ rN+} (You
                  | found it on level 17 of a ziggurat)
 76044 | Zig:18   | Entered Level 18 of a ziggurat
 76204 | Zig:18   | Found the +10 dark maul {crush}
 76261 | Zig:18   | Found the +8 whip "Snakebite" {curare, rPois}
 76288 | Zig:18   | Got a brightly glowing jade ring
 76290 | Zig:18   | Identified the Almanac of the Entrancing Voyage
 76300 | Zig:18   | Identified the Disquisition on the Flamy Rocks
 76306 | Zig:18   | Identified the cursed +0 plate armour "Omuu" {rC+ MR+
                  | Dex+2} (You found it on level 18 of a ziggurat)
 76309 | Zig:18   | Identified the ring of Departure {Str+3 Stlth+} (You found
                  | it on level 18 of a ziggurat)
 76326 | Zig:19   | Entered Level 19 of a ziggurat
 76359 | Zig:19   | Noticed a greater mummy
 76369 | Zig:19   | Killed a greater mummy
 76389 | Zig:19   | Noticed a greater mummy
 76389 | Zig:19   | Noticed a greater mummy
 76402 | Zig:19   | Killed a greater mummy
 76410 | Zig:19   | Killed a greater mummy
 76416 | Zig:19   | Reached skill level 15 in Dodging
 76433 | Zig:19   | Noticed a greater mummy
 76435 | Zig:19   | Noticed a greater mummy
 76436 | Zig:19   | Noticed a greater mummy
 76447 | Zig:19   | Killed a greater mummy
 76447 | Zig:19   | Noticed a greater mummy
 76451 | Zig:19   | Killed a greater mummy
 76451 | Zig:19   | Reached skill level 1 in Throwing
 76453 | Zig:19   | Noticed a greater mummy
 76457 | Zig:19   | Noticed a greater mummy
 76476 | Zig:19   | Killed a greater mummy
 76504 | Zig:20   | Entered Level 20 of a ziggurat
 76693 | Zig:20   | Found the +7 captain's cutlass {speed, disarm}
 76737 | Zig:20   | Identified the Catalogue of Good Luck and Confrontation
 76764 | Zig:21   | Entered Level 21 of a ziggurat
 76820 | Zig:21   | Noticed an ancient lich
 76829 | Zig:21   | Killed an ancient lich
 76999 | Zig:21   | Got a heavily runed glass ring
 77005 | Zig:21   | Identified the ring "Ebalont" {*Tele rPois} (You found it
                  | on level 21 of a ziggurat)
 77007 | Zig:21   | Identified the ring of Mutrut {Ice +Fly MR+ Str+3} (You
                  | found it on level 21 of a ziggurat)
 77015 | Zig:21   | Got a faintly glowing bronze ring
 77016 | Zig:21   | Identified the Incunabulum of Venomous Flames
 77019 | Zig:21   | Identified the ring "Vekhlaizu" {Ice rN++ Dex+2} (You found
                  | it on level 21 of a ziggurat)
 77025 | Zig:22   | Entered Level 22 of a ziggurat
 77263 | Zig:22   | Found the +8 frozen axe "Frostbite" {freezing cloud, *Noise
                  | +Fly rC+}
 77291 | Zig:22   | Identified Nodaar's Incunabulum of Flamy Curses
 77301 | Zig:22   | Identified the Compendium of the Moth
 77308 | Zig:23   | Entered Level 23 of a ziggurat
 77395 | Zig:23   | Reached skill level 25 in Fighting
 77468 | Zig:23   | Found the +10 large shield of Ignorance {rN+ Int-4}
 77470 | Zig:23   | Found the +3 pair of gauntlets of War {Slay+5}
 77491 | Zig:23   | Got a clouded bone amulet
 77492 | Zig:23   | Identified the amulet "Uqoul" {Inacc rF- Int+2 Dex+5} (You
                  | found it on level 23 of a ziggurat)
 77614 | Zig:23   | Identified the cursed +1 dagger of Diafog {drain, rF++
                  | MP+9} (You found it on level 23 of a ziggurat)
 77617 | Zig:24   | Entered Level 24 of a ziggurat
 78101 | Zig:24   | Identified the Handbook of Evil Secrets
 78104 | Zig:24   | Identified the Incunabulum of Earth and Ice
 78109 | Zig:24   | Got an ancient bronze ring
 78115 | Zig:24   | Identified the ring of Nestivui {rElec Slay+4} (You found
                  | it on level 24 of a ziggurat)
 78129 | Zig:25   | Entered Level 25 of a ziggurat
 78467 | Zig:25   | Reached skill level 5 in Ice Magic
 78480 | Zig:25   | Identified the Incunabulum of Combat Magic
 78517 | Zig:25   | Identified the ring of Day {Wiz Str-2 SInv Stlth+} (You
                  | found it on level 25 of a ziggurat)
 78540 | Zig:26   | Entered Level 26 of a ziggurat
 78557 | Zig:26   | Noticed a juggernaut
 78564 | Zig:26   | Noticed a juggernaut
 78585 | Zig:26   | Killed a juggernaut
 78587 | Zig:26   | Noticed a juggernaut
 78613 | Zig:26   | Killed a juggernaut
 78618 | Zig:26   | Noticed a juggernaut
 78622 | Zig:26   | Noticed a juggernaut
 78629 | Zig:26   | Killed a juggernaut
 78629 | Zig:26   | Noticed a juggernaut
 78632 | Zig:26   | Killed a juggernaut
 78637 | Zig:26   | Killed a juggernaut
 78655 | Zig:26   | Noticed a juggernaut
 78658 | Zig:26   | Killed a juggernaut
 78660 | Zig:26   | Noticed a juggernaut
 78664 | Zig:26   | Killed a juggernaut
 78667 | Zig:26   | Noticed a juggernaut
 78668 | Zig:26   | Killed a juggernaut
 78672 | Zig:26   | Noticed a juggernaut
 78672 | Zig:26   | Noticed a juggernaut
 78676 | Zig:26   | Killed a juggernaut
 78677 | Zig:26   | Noticed a juggernaut
 78686 | Zig:26   | Killed a juggernaut
 78693 | Zig:26   | Killed a juggernaut
 78695 | Zig:26   | Noticed a juggernaut
 78697 | Zig:26   | Killed a juggernaut
 78704 | Zig:26   | Noticed a juggernaut
 78709 | Zig:26   | Killed a juggernaut
 78719 | Zig:26   | Killed a juggernaut
 78793 | Zig:26   | Noticed a juggernaut
 78805 | Zig:26   | Killed a juggernaut
 78835 | Zig:26   | Identified the ring of Rygur {rElec rF+} (You found it on
                  | level 26 of a ziggurat)
 78853 | Zig:27   | Entered Level 27 of a ziggurat
 78892 | Zig:27   | Reached skill level 26 in Fighting
 78963 | Zig:27   | Noticed Fuirch the pandemonium lord
 78979 | Zig:27   | Killed Fuirch the pandemonium lord
 79017 | Zig:27   | Donated 3434 gold pieces to Zin
 79329 | Zig:27   | Found the ring of the Octopus King
 79341 | Zig:27   | Identified the +3 plate armour of Untruth {rC+ Dex+2} (You
                  | found it on level 27 of a ziggurat)
 79351 | Zig:27   | Identified the amulet "Atriet" {Inacc +Inv} (You found it
                  | on level 27 of a ziggurat)
 79355 | Zig:27   | Identified Lyfaro Refi's Almanac of Unholy Arts
 79360 | Zig:27   | Identified the ring of Fesosel {*Drain rPois rC++ SInv}
                  | (You found it on level 27 of a ziggurat)
 79381 | Zig:27   | Got a ring of the Octopus King
 79494 | Depths:4 | Identified a ring of the Octopus King {rCorr AC+1 EV+1
                  | Str+1 Int+1 Dex+1} (You found it on level 27 of a ziggurat)
 79830 | Tomb:1   | Entered Level 1 of the Tomb of the Ancients
 79987 | Tomb:1   | Noticed a greater mummy
 79994 | Tomb:1   | Killed a greater mummy
 79996 | Tomb:1   | Noticed a greater mummy
 80012 | Tomb:1   | Killed a greater mummy
 80161 | Tomb:2   | Noticed a greater mummy
 80161 | Tomb:2   | Noticed a greater mummy
 80180 | Tomb:2   | Killed a greater mummy
 80192 | Tomb:2   | Killed a greater mummy
 80202 | Tomb:2   | Noticed a greater mummy
 80209 | Tomb:2   | Killed a greater mummy
 80219 | Tomb:2   | Noticed a greater mummy
 80229 | Tomb:2   | Killed a greater mummy
 80540 | Tomb:1   | Noticed a greater mummy
 80542 | Tomb:1   | Noticed a greater mummy
 80549 | Tomb:1   | Killed a greater mummy
 80559 | Tomb:1   | Killed a greater mummy
 80572 | Tomb:1   | Noticed a greater mummy
 80575 | Tomb:1   | Noticed a greater mummy
 80579 | Tomb:1   | Killed a greater mummy
 80586 | Tomb:1   | Killed a greater mummy
 80668 | Tomb:1   | Noticed a greater mummy
 80672 | Tomb:1   | Noticed a greater mummy
 80674 | Tomb:1   | Noticed a greater mummy
 80681 | Tomb:1   | Killed a greater mummy
 80686 | Tomb:1   | Killed a greater mummy
 80687 | Tomb:1   | Noticed a greater mummy
 80695 | Tomb:1   | Killed a greater mummy
 80734 | Tomb:1   | Killed a greater mummy
 80756 | Tomb:1   | Noticed a greater mummy
 80763 | Tomb:1   | Killed a greater mummy
 80763 | Tomb:1   | Noticed a greater mummy
 80773 | Tomb:1   | Noticed a greater mummy
 80776 | Tomb:1   | Killed a greater mummy
 80779 | Tomb:1   | Killed a greater mummy
 80787 | Tomb:1   | Noticed a greater mummy
 80792 | Tomb:1   | Killed a greater mummy
 80798 | Tomb:1   | Noticed a greater mummy
 80804 | Tomb:1   | Killed a greater mummy
 80815 | Tomb:1   | Noticed a greater mummy
 80822 | Tomb:1   | Killed a greater mummy
 80830 | Tomb:1   | Noticed a greater mummy
 80836 | Tomb:1   | Killed a greater mummy
 80838 | Tomb:1   | Noticed a greater mummy
 80864 | Tomb:1   | Killed a greater mummy
 80878 | Tomb:1   | Noticed a greater mummy
 80890 | Tomb:1   | Killed a greater mummy
 80898 | Tomb:1   | Noticed a greater mummy
 80932 | Tomb:1   | Killed a greater mummy
 80967 | Tomb:1   | Noticed a greater mummy
 80989 | Tomb:1   | Killed a greater mummy
 81017 | Tomb:1   | Noticed a greater mummy
 81036 | Tomb:1   | Killed a greater mummy
 81274 | Tomb:3   | Entered Level 3 of the Tomb of the Ancients
 81283 | Tomb:3   | Noticed a greater mummy
 81294 | Tomb:3   | Noticed a greater mummy
 81301 | Tomb:3   | Killed a greater mummy
 81301 | Tomb:3   | Reached skill level 27 in Fighting
 81324 | Tomb:3   | Noticed a greater mummy
 81341 | Tomb:3   | Killed a greater mummy
 81377 | Tomb:3   | Killed a greater mummy
 81402 | Tomb:3   | Noticed an ancient lich
 81403 | Tomb:3   | Noticed a greater mummy
 81410 | Tomb:3   | Killed an ancient lich
 81414 | Tomb:3   | Killed a greater mummy
 81445 | Tomb:3   | Noticed a greater mummy
 81451 | Tomb:3   | Noticed a greater mummy
 81454 | Tomb:3   | Killed a greater mummy
 81462 | Tomb:3   | Killed a greater mummy
 81514 | Tomb:3   | Noticed an ancient lich
 81527 | Tomb:3   | Killed an ancient lich
 81580 | Tomb:3   | Noticed a greater mummy
 81600 | Tomb:3   | Killed a greater mummy
 81724 | Tomb:3   | Found the cursed necklace of Bloodlust {*Rage +Rage MR++
                  | Int-3 Slay+6 *Curse}
 81770 | Tomb:3   | Got a smoking glass ring
 81772 | Tomb:3   | Identified the ring of the Hart {rPois MR+ Str+5 Stlth+}
                  | (You found it on level 3 of the Tomb of the Ancients)
 81776 | Tomb:3   | Identified the Catalogue of Cloudy Beguiling
 81784 | Tomb:3   | Identified the cursed +0 pair of gloves of Cyaxaot {Str+2}
                  | (You found it on level 3 of the Tomb of the Ancients)
 81846 | Tomb:3   | Got a golden rune of Zot
 82340 | Zot:1    | Entered Level 1 of the Realm of Zot
 82683 | Zot:5    | Entered Level 5 of the Realm of Zot
 82702 | Zot:5    | Noticed an ancient lich
 82702 | Zot:5    | Noticed an orb of fire
 82702 | Zot:5    | Noticed an ancient lich
 82709 | Zot:5    | Noticed an ancient lich
 82710 | Zot:5    | Noticed an ancient lich
 82710 | Zot:5    | Noticed an ancient lich
 82719 | Zot:5    | Killed an ancient lich
 82720 | Zot:5    | Killed an ancient lich
 82722 | Zot:5    | Killed an ancient lich
 82732 | Zot:5    | Killed an ancient lich
 82735 | Zot:5    | Killed an ancient lich
 82752 | Zot:5    | Killed an orb of fire
 82905 | Zot:5    | Noticed an orb of fire
 82914 | Zot:5    | Noticed an ancient lich
 82924 | Zot:5    | Killed an orb of fire
 82931 | Zot:5    | Killed an ancient lich
 82977 | Zot:5    | Noticed an ancient lich
 82997 | Zot:5    | Killed an ancient lich
 82999 | Zot:5    | Noticed an ancient lich
 83022 | Zot:5    | Killed an ancient lich
 83044 | Zot:5    | Noticed an ancient lich
 83053 | Zot:5    | Killed an ancient lich
 83055 | Zot:5    | Noticed an ancient lich
 83066 | Zot:5    | Killed an ancient lich
 83078 | Zot:5    | Got the Orb of Zot
 83442 | D:15     | Noticed a seraph
 83562 | D:9      | Noticed Kami Zie the pandemonium lord
 83614 | D:6      | Found a sparkling altar of Nemelex Xobeh.
 83760 | D:1      | Noticed Mobe Xeo the pandemonium lord
 83766 | D:1      | Noticed an ancient lich
 83767 | D:1      | Killed Mobe Xeo the pandemonium lord
 83776 | D:1      | Killed an ancient lich
 83785 | D:$      | Escaped with the Orb!

Skill      XL: |  1  2  3  4  5  6  7  8  9 10 11 12 13 14 15 16 17 18 19 20 21 22 23 24 25 26 27 |
---------------+----------------------------------------------------------------------------------+-----
Axes           | 2 3 4 5 7 8 9 11 12 14 16 | 16.8
Fighting       | 3 4 5 6 7 8 10 11 12 13 14 16 17 18 19 20 27 | 27.0
Shields        | 3 4 5 7 8 9 11 12 13 14 15 17 18 25 | 25.0
Armour         | 3 4 5 6 7 8 9 11 12 13 14 16 | 16.5
Dodging        | 1 2 3 4 5 6 7 8 9 18 | 18.4
Maces & Flails | 4 6 8 9 11 | 11.7
Stealth        | 1 2 3 5 7 9 11 12 14 23 | 23.3
Invocations    | 1 2 3 4 6 22 | 22.9
Spellcasting   | 4 6 7 25 | 25.5
Hexes          | 2 5 6 17 | 17.8
Necromancy     | 3 6 8 10 | 10.5
Charms         | 4 6 7 |  7.2
Short Blades   | 1 2 3 4 5 6 |  6.6
Evocations     | 1 4 |  4.2
Air Magic      | 14 | 14.5
Summonings     | 14 | 14.0
Translocations | 21 | 21.7
Ice Magic      | 5 |  5.7
Throwing       | 3 |  3.1

Action                   |  1- 3 |  4- 6 |  7- 9 | 10-12 | 13-15 | 16-18 | 19-21 | 22-24 | 25-27 || total
-------------------------+-------+-------+-------+-------+-------+-------+-------+-------+-------++-------
Melee: War axe           |    94 |   150 |   203 |     6 |       |    10 |       |       |       ||   463
       Bite              |    23 |    53 |   114 |   213 |   629 |   717 |   608 |   645 |  5320 ||  8322
       Whip              |       |       |   118 |   420 |  1052 |   390 |       |       |       ||  1980
       Demon whip        |       |       |       |    39 |    33 |       |   200 |   345 |   371 ||   988
       Broad axe         |       |       |       |       |     4 |  1027 |   785 |   608 |  2308 ||  4732
       Hand axe          |       |       |       |       |       |       |    13 |    29 |   415 ||   457
       Knife             |       |       |       |       |       |       |    96 |    97 |   122 ||   315
       Sacred scourge    |       |       |       |       |       |       |       |       |  5893 ||  5893
Throw: Javelin           |       |       |       |       |     3 |       |       |       |       ||     3
       Tomahawk          |       |       |       |       |       |       |       |       |     5 ||     5
 Cast: Regeneration      |       |       |       |       |       |       |       |     7 |     4 ||    11
       Darkness          |       |       |       |       |       |       |       |       |    68 ||    68
       Aura of Abjuratio |       |       |       |       |       |       |       |       |    33 ||    33
       Controlled Blink  |       |       |       |       |       |       |       |       |     4 ||     4
       Metabolic Englaci |       |       |       |       |       |       |       |       |     4 ||     4
       Invisibility      |       |       |       |       |       |       |       |       |     2 ||     2
       Apportation       |       |       |       |       |       |       |       |       |     1 ||     1
       Swiftness         |       |       |       |       |       |       |       |       |     1 ||     1
       Silence           |       |       |       |       |       |       |       |       |     1 ||     1
Invok: Heroism           |       |       |       |     5 |    12 |    20 |     7 |     6 |     1 ||    51
       Finesse           |       |       |       |       |     1 |     4 |     2 |     1 |     1 ||     9
       Vitalisation      |       |       |       |       |       |       |       |       |    83 ||    83
       Recite            |       |       |       |       |       |       |       |       |    33 ||    33
       Imprison          |       |       |       |       |       |       |       |       |    22 ||    22
       Sanctuary         |       |       |       |       |       |       |       |       |     3 ||     3
       Divine Shield     |       |       |       |       |       |       |       |       |     3 ||     3
       Cleansing Flame   |       |       |       |       |       |       |       |       |     2 ||     2
       Donate Gold       |       |       |       |       |       |       |       |       |     1 ||     1
       Brand Weapon With |       |       |       |       |       |       |       |       |     1 ||     1
 Abil: Stop Flying       |       |       |       |       |       |     2 |       |       |     1 ||     3
       Evoke Flight      |       |       |       |       |       |     2 |       |       |     5 ||     7
Evoke: Wand              |       |       |       |       |       |     7 |       |     2 |    22 ||    31
       Phial of floods   |       |       |       |       |       |     1 |       |       |       ||     1
  Use: Scroll            |       |     5 |     3 |     4 |     8 |     8 |    14 |    15 |   128 ||   185
       Potion            |       |       |       |       |       |     4 |     1 |     1 |    50 ||    56
 Stab: Sleeping          |       |       |       |       |       |       |     3 |    14 |    84 ||   101
       Distracted        |       |       |       |       |       |       |     2 |     1 |    47 ||    50
       Petrified         |       |       |       |       |       |       |       |       |     3 ||     3
       Petrifying        |       |       |       |       |       |       |       |       |     1 ||     1
       Invisible         |       |       |       |       |       |       |       |       |   107 ||   107
       Confused          |       |       |       |       |       |       |       |       |    41 ||    41
  Eat: Chunk             |       |     2 |    11 |    12 |    13 |     4 |    10 |     8 |    22 ||    82
       Ration            |       |     1 |       |     1 |     2 |     9 |     5 |     4 |    41 ||    63
Armor: Scale mail        |    43 |    64 |    88 |       |       |       |       |       |       ||   195
       Chain mail        |       |       |    30 |    78 |       |       |       |       |       ||   108
       Plate armour      |       |       |       |    80 |   495 |   638 |   117 |       |       ||  1330
       Quicksilver drago |       |       |       |       |       |    73 |       |       |       ||    73
       Ice dragon scales |       |       |       |       |       |       |   116 |   268 |  1557 ||  1941
       Shadow dragon sca |       |       |       |       |       |       |    10 |       |       ||    10
Dodge: Dodged            |    34 |    56 |   100 |    82 |   244 |   502 |   231 |   288 |  2470 ||  4007
       Deflected         |       |       |       |       |       |       |     6 |       |     1 ||     7
Block: Shield            |    43 |    89 |   173 |   172 |   560 |  1164 |   642 |   683 |    10 ||  3536
       Reflection        |       |       |       |       |       |       |    49 |    50 |   310 ||   409
       Large shield      |       |       |       |       |       |       |       |       | 10342 || 10342
